 Dungeon Crawl Stone Soup version 0.24-a0-284-g9fb9971df1 (webtiles) character file.

Game seed: 3489064656927198741

827473 Redear the Hoplite (level 27, -27/300 HPs)
             Began as a Demonspawn Chaos Knight on May 7, 2019.
             Was a Favourite Plaything of Xom.
             Killed from afar by a Brimstone Fiend (34 damage)
             ... with damnation
             ... on level 21 of a ziggurat.
             The game lasted 05:05:11 (69818 turns).

Redear the Hoplite (Demonspawn Chaos Knight)       Turns: 69818, Time: 05:05:12

Health: -27/300    AC: 34    Str: 37    XL:     27
Magic:  42/43      EV: 31    Int: 20    God:    Xom [.*....]
Gold:   2926       SH: 37    Dex: 27    Spells: 15/51 levels left

rFire    + + +     SeeInvis +   L - +9 broad axe (chaos)
rCold    + + .     Gourm    .   t - +8 large shield of the Evening Star {*Corrode Dex+3 Slay+3}
rNeg     . . .     Faith    .   f - +5 gold dragon scales
rPois    +         Spirit   .   m - +1 hat {MR+} {MR+}
rElec    +         Reflect  .   b - +1 cloak {MR+} {MR+}
rCorr    +         Harm     .   j - +0 pair of gloves of Vecruur {rF- Str+9 Dex+4 SInv}
rMut     +         Clarity  +   (boots unavailable)
MR       ++++.                  r - amulet of regeneration {+Regen}
Stlth    ..........             y - ring of Dannir {rCorr +Inv rElec Slay+2}
HPRegen  1.40/turn              o - ring of the Tuna {*Drain rF++ Int+4 Slay+6}
MPRegen  0.28/turn

@: mighty, agile, singing, corroded, very slightly contaminated, studying
Shields
A: fangs 1, hooves 3, horns 1, slimy green scales 3, blink, clarity, cold
resistance 1, fire resistance 1, high mp 1, mutation resistance 3, poison
resistance, powered by pain 3, regeneration 1, robust 3, screaming 1, spiny 3,
strong 1, wild magic 1, MP-powered wands
}: 3/15 runes: serpentine, barnacled, silver
a: Blink, Renounce Religion, Evoke Invisibility


You were on level 21 of a ziggurat.
You worshipped Xom.
You were a plaything of Xom.
You were not hungry.

You visited 10 branches of the dungeon, and saw 52 of its levels.
You visited the Abyss 1 time.
You visited 1 bazaar.
You visited 1 ziggurat, and saw 21 of its levels.
You also visited: Ice Cave and Wizlab.

You collected 12472 gold pieces.
You spent 9546 gold pieces at shops.

Inventory:

Hand Weapons
 L - a +9 broad axe of chaos (weapon)
Missiles
 Z - 12 throwing nets (quivered) {+f}
Armour
 b - a +1 cloak of magic resistance (worn) {MR+}
 f - +5 gold dragon scales (worn)
 j - the +0 pair of gloves of Vecruur (worn) {rF- Str+9 Dex+4 SInv}
   (You acquired it on level 3 of the Elven Halls)

   It affects your strength (+9).
   It affects your dexterity (+4).
   It makes you vulnerable to fire.
   It lets you see invisible.
 k - a +8 large shield of protection {AC+3}
 m - a +1 hat of magic resistance (worn) {MR+}
 q - a scarf of resistance
 t - the +8 large shield of the Evening Star (worn) {*Corrode Dex+3 Slay+3}
   (You took it off a daeva on level 3 of the Depths)

   It affects your dexterity (+3).
   It affects your accuracy and damage with ranged weapons and melee attacks
   (+3).
   It may corrode you when you take damage.
Magical Staves
 S - an uncursed staff of earth
Jewellery
 c - the ring of Dutyov {rF- rC+ MR++ EV+3 Int+2}
   (You found it on level 3 of the Elven Halls)

   [ring of evasion]

   It affects your evasion (+3).
   It affects your intelligence (+2).
   It makes you vulnerable to fire.
   It protects you from cold.
   It affects your resistance to hostile enchantments.
 e - the ring of Creativity {+Blink rN+ MR+ Str+4 Slay+2}
   (You found it on level 3 of the Crypt)

   [ring of positive energy]

   It affects your strength (+4).
   It affects your accuracy and damage with ranged weapons and melee attacks
   (+2).
   It protects you from negative energy.
   It affects your resistance to hostile enchantments.
   It lets you blink.
 h - the ring of Virtue {MR+ MP-9 Str+3 Dex+2 Slay+2}
   (You found it on level 19 of a ziggurat)

   [ring of protection from magic]

   It affects your strength (+3).
   It affects your dexterity (+2).
   It affects your accuracy and damage with ranged weapons and melee attacks
   (+2).
   It affects your resistance to hostile enchantments.
   It affects your magic capacity (-9).
 o - the ring of the Tuna (right hand) {*Drain rF++ Int+4 Slay+6}
   (You bought it in a shop on level 2 of the Depths)

   [ring of intelligence]

   It affects your intelligence (+4).
   It affects your accuracy and damage with ranged weapons and melee attacks
   (+6).
   It greatly protects you from fire.
   It causes draining when unequipped.
 r - an amulet of regeneration (around neck) {+Regen}
 y - the ring of Dannir (left hand) {rCorr +Inv rElec Slay+2}
   (You found it on level 3 of the Elven Halls)

   [ring of resist corrosion]

   It affects your accuracy and damage with ranged weapons and melee attacks
   (+2).
   It insulates you from electricity.
   It lets you turn invisible.
 K - the ring "Elenyu" {rElec rF+ MP-9 Str+4}
   (You found it on level 3 of the Elven Halls)

   [ring of protection from fire]

   It affects your strength (+4).
   It protects you from fire.
   It insulates you from electricity.
   It affects your magic capacity (-9).
 X - the ring of Xom's Sleight of Hands {*Drain rC+++ rN+++ Dex-2 Slay+3}
   (You found it on level 19 of a ziggurat)

   [ring of slaying]

   It affects your dexterity (-2).
   It affects your accuracy and damage with ranged weapons and melee attacks
   (+3).
   It renders you almost immune to cold.
   It renders you almost immune to negative energy.
   It causes draining when unequipped.
Wands
 A - a wand of acid (12)
 D - a wand of digging (8)
 O - a wand of clouds (22)
Scrolls
 x - a scroll of silence
 B - 5 scrolls of blinking {@r4}
 F - 8 scrolls of immolation
 G - 26 scrolls of fog
 I - 3 scrolls of fear
 M - 8 scrolls of magic mapping
 N - 42 scrolls of remove curse {@r2}
 P - a scroll of summoning
 R - 30 scrolls of identify {@r1}
 T - 21 scrolls of teleportation {@r3}
Potions
 g - 3 potions of lignification
 i - 3 potions of berserk rage
 l - 5 potions of flight
 n - 8 potions of agility {Stlth+ Dex+5 EV+5 | @q4}
 p - 5 potions of magic
 u - 2 potions of resistance {rF+ rC+ rPois rElec rCorr}
 v - 3 potions of cancellation
 w - 6 potions of invisibility
 C - 12 potions of mutation {!q}
 E - 6 potions of heal wounds {@q1}
 H - 2 potions of haste {@q5}
 J - 3 potions of brilliance {Archmagi Int+5 Wiz++}
 Q - 4 potions of curing {@q2}
 V - 7 potions of might {Str+5 DMG+1d10 | @q3}
Books
 s - a manual of Shields
Miscellaneous
 d - a lightning rod (4/4)
 U - 8 boxes of beasts
 W - 7 sacks of spiders
 Y - a lamp of fire
Comestibles
 a - 6 chunks of flesh
 z - 104 rations


   Skills:
 - Level 22.0 Fighting
 - Level 18.0 Axes
 - Level 20.7 Armour
 - Level 20.4 Dodging
 - Level 25.0 Shields
 + Level 12.5 Spellcasting
 - Level 10.3 Charms
 - Level 10.0 Summonings
 - Level 17.2 Necromancy
 - Level 10.0 Translocations
 + Level 12.9 Transmutations
 - Level 13.8 Evocations


You had 15 spell levels left.
You knew the following spells:

 Your Spells              Type           Power        Failure   Level  Hunger
d - Blink                 Tloc           N/A          1%          2    None
e - Lesser Beckoning      Tloc           ######....   3%          3    None
f - Deflect Missiles      Chrm/Air       #####.....   100%        6    #####..
g - Apportation           Tloc           ######       1%          1    None
y - Song of Slaying       Chrm           ######..     1%          2    None
A - Aura of Abjuration    Summ           ######....   22%         5    ####...
N - Necromutation         Tmut/Necr      #######...   99%         8    #######
R - Regeneration          Chrm/Necr      ######....   1%          3    None
Y - Statue Form           Tmut/Erth      #####....    99%         6    #####..

Your spell library contained the following spells:

 Spells                   Type           Power        Failure   Level  Hunger
 Animate Skeleton         Necr           N/A          1%          1    None
 Beastly Appendage        Tmut           ######       1%          1    None
 Infusion                 Chrm           ####         1%          1    None
 Pain                     Necr           ####         1%          1    None
 Summon Butterflies       Summ           ######..     1%          1    None
 Summon Small Mammal      Summ           ####         1%          1    None
 Call Imp                 Summ           ######..     1%          2    None
 Corpse Rot               Necr           N/A          1%          2    None
 Shroud of Golubria       Chrm/Tloc      ######....   1%          2    None
 Sticks to Snakes         Tmut           ######..     1%          2    None
 Sublimation of Blood     Necr           #######...   1%          2    None
 Vampiric Draining        Necr           #######...   1%          3    None
 Animate Dead             Necr           N/A          1%          4    None
 Call Canine Familiar     Summ           ######..     3%          3    None
 Gell's Gravitas          Tloc           ######....   3%          3    None
 Recall                   Summ/Tloc      N/A          3%          3    None
 Teleport Other           Tloc           ######..     3%          3    None
 Passwall                 Tmut/Erth      #####...     6%          2    None
 Blade Hands              Tmut           ######....   8%          5    ####...
 Passage of Golubria      Tloc           N/A          9%          4    None
 Swiftness                Chrm/Air       #####...     10%         2    None
 Spider Form              Tmut/Pois      #####.....   11%         3    None
 Ozocubu's Armour         Chrm/Ice       #####...     17%         3    None
 Spectral Weapon          Hex/Chrm       #####...     17%         3    None
 Portal Projectile        Hex/Tloc       #####.       19%         3    None
 Summon Guardian Golem    Hex/Summ       #####...     19%         3    None
 Summon Demon             Summ           ######....   22%         5    ####...
 Summon Forest            Summ/Tloc      ######....   22%         5    ####...
 Ignite Poison            Fire/Tmut/Pois #####...     24%         3    None
 Ice Form                 Ice/Tmut       #####...     32%         4    None
 Petrify                  Tmut/Erth      #####...     32%         4    None
 Hydra Form               Tmut           ######....   34%         6    #####..
 Confusing Touch          Hex            ###...       43%         1    None
 Corona                   Hex            ###....      43%         1    None
 Flame Tongue             Conj/Fire      ###..        43%         1    None
 Freeze                   Ice            ###.         43%         1    None
 Magic Dart               Conj           ###.         43%         1    None
 Sandblast                Erth           ###...       43%         1    None
 Shock                    Conj/Air       ###.         43%         1    None
 Sting                    Conj/Pois      ###.         43%         1    None
 Force Lance              Conj/Tloc      #####...     50%         4    None
 Summon Ice Beast         Ice/Summ       #####...     50%         4    None
 Summon Lightning Spire   Summ/Air       #####...     50%         4    None
 Ensorcelled Hibernation  Hex/Ice        ###...       54%         2    None
 Poisonous Vapours        Pois/Air       ###...       54%         2    None
 Searing Ray              Conj           ###...       54%         2    None
 Slow                     Hex            ###.....     54%         2    None
 Throw Flame              Conj/Fire      ###...       54%         2    None
 Throw Frost              Conj/Ice       ###...       54%         2    None
 Alistair's Intoxication  Tmut/Pois      #####...     63%         5    ####...
 Irradiate                Conj/Tmut      #####.....   63%         5    ####...
 Yara's Violent Unravell  Hex/Tmut       #####.....   63%         5    ####...
 Shadow Creatures         Summ           N/A          73%         6    #####..
 Confuse                  Hex            ###.....     78%         3    None
 Conjure Flame            Conj/Fire      ###.....     78%         3    None
 Dazzling Spray           Conj/Hex       ###...       78%         3    None
 Inner Flame              Hex/Fire       ###.....     78%         3    None
 Mephitic Cloud           Conj/Pois/Air  ###.....     78%         3    None
 Static Discharge         Conj/Air       ###.....     78%         3    None
 Stone Arrow              Conj/Erth      ###...       78%         3    None
 Tukima's Dance           Hex            ###.....     78%         3    None
 Haunt                    Necr/Summ      ######....   78%         7    #######
 Iskenderun's Battlesphe  Conj/Chrm      #####...     82%         5    ####...
 Summon Mana Viper        Hex/Summ       #####...     83%         5    ####...
 Dragon Form              Tmut           ######....   87%         7    #######
 Simulacrum               Ice/Necr       ######....   88%         6    #####..
 Borgnjor's Revivificati  Necr           #######...   92%         8    #######
 Infestation              Necr           #######...   92%         8    #######
 Airstrike                Air            ###.......   99%         4    None
 Cause Fear               Hex            ###.......   99%         4    None
 Fulminant Prism          Conj/Hex       ###.......   99%         4    None
 Iskenderun's Mystic Bla  Conj           ###.....     99%         4    None
 Leda's Liquefaction      Hex/Erth       ###.......   99%         4    None
 Olgreb's Toxic Radiance  Pois           ###.....     99%         4    None
 Sticky Flame             Conj/Fire      ###.....     99%         4    None
 Throw Icicle             Conj/Ice       ###.....     99%         4    None
 Malign Gateway           Summ/Tloc      ######....   99%         7    #######
 Monstrous Menagerie      Summ           ######....   99%         7    #######
 Summon Greater Demon     Summ           ######....   99%         7    #######
 Summon Hydra             Summ           ######....   99%         7    #######
 Bolt of Magma            Conj/Fire/Erth ###.......   100%        5    ####...
 Fireball                 Conj/Fire      ###.......   100%        5    ####...
 Lee's Rapid Deconstruct  Erth           ###.......   100%        5    ####...
 Lightning Bolt           Conj/Air       ###.......   100%        5    ####...
 Metabolic Englaciation   Hex/Ice        ###.......   100%        5    ####...
 Silence                  Hex/Air        ###.......   100%        5    ####...
 Venom Bolt               Conj/Pois      ###.......   100%        5    ####...
 Bolt of Cold             Conj/Ice       ###.......   100%        6    #####..
 Bolt of Fire             Conj/Fire      ###.......   100%        6    #####..
 Conjure Ball Lightning   Conj/Air       ###.......   100%        6    #####..
 Freezing Cloud           Conj/Ice/Air   ###.......   100%        6    #####..
 Iron Shot                Conj/Erth      ###.......   100%        6    #####..
 Ozocubu's Refrigeration  Ice            ###.......   100%        6    #####..
 Orb of Destruction       Conj           ###.......   100%        7    #######
 Ring of Flames           Chrm/Fire      #####.....   100%        7    #######
 Spellforged Servitor     Conj/Summ      #####.....   100%        7    #######
 Death's Door             Chrm/Necr      ######....   100%        8    #######
 Ignition                 Fire           ###.......   100%        8    #######
 Summon Horrible Things   Summ           ######....   100%        8    #######
 Dragon's Call            Summ           ######....   100%        9    #######
 Shatter                  Erth           ###.......   100%        9    #######
 Tornado                  Air            ###.......   100%        9    #######


Dungeon Overview and Level Annotations

Branches:
Dungeon (15/15)              Lair (6/6) D:10         Shoals (4/4) Lair:2
  Snake (4/4) Lair:4        Slime (0/5) Lair:6          Orc (2/2) D:10
    Elf (3/3) Orc:2        Vaults (5/5) D:14          Crypt (3/3) Vaults:2
   Tomb (0/3) Crypt:3      Depths (5/5) D:15            Zot (5/5) Depths:5
 Temple: D:4-7

Altars:
Cheibriados
Dithmenos
Fedhas
Gozag
Hepliaklqana
Kikubaaqudgha
Makhleb
Ru
Sif Muna
Uskayaw
Vehumet
Wu Jian
Xom
Yredelemnul
Zin
The Shining One
Beogh
Jiyva

Shops:
D:6 ?   D:7 :   D:9 =   D:14 (!%(   Orc:1 (}(%   Orc:2 =?%=[   Elf:1 (
Elf:2 }?[   Shoals:1 ?   Snake:2 (   Vaults:3 !   Depths:2 =}}!   Depths:4 *([
Depths:5 *

Portals:
Hell: Depths:1 Depths:2 Depths:3 Depths:4 Depths:5
Abyss: Depths:2 Depths:4 Depths:5
Pandemonium: Depths:3 Depths:5

Annotations:
D:5 exclusion: statue
Lair:2 exclusion: 4 oklob plants


Innate Abilities, Weirdness & Mutations

You have hooves in place of feet.
You are completely covered in slimy green scales. (AC +4, rPois)
You are powered by pain.
You are extremely robust. (+30% HP)
You are completely covered in sharp spines.
You have very sharp teeth.
You have a pair of small horns on your head.
You can translocate small distances at will.
You possess an exceptional clarity of mind.
Your flesh is cold resistant. (rC+)
Your flesh is heat resistant. (rF+)
You have an increased reservoir of magic. (+10% MP)
You are almost entirely resistant to further mutation and mutation removal.
Your system is resistant to poisons. (rPois)
Your natural rate of healing is unusually fast.
You occasionally shout uncontrollably at your foes.
Your muscles are strong. (Str +2)
Your spells are a little harder to cast, but a little more powerful.
You expend magic power (3 MP) to strengthen your wands.


Message History

A torturous warmonger is wielding a +1 demon trident of electrocution.
The torturous warmonger shouts!
The green death roars!
The Hell Sentinel roars!
The infernal blood saint shouts!
The shadow demon gives a loud, deep croak!
The chaos spawn howls!
Xom opens a gate.
Ydymecir gestures.
Ydymecir's surroundings become eerily quiet.
The tormentor calls on the powers of darkness!
Your body is wracked with pain!
* * * LOW HITPOINT WARNING * * *
Xom roars with laughter!
The gelid corrupter rages.
The blizzard demon gestures at you.
The bolt of lightning hits the neqoxec!!
The bolt of lightning misses you. The Brimstone Fiend gestures at you.
The sphere of damnation explodes!
The damnation engulfs you!!
You die...
Xom roars with laughter!

...........▓
...........▓
...........▓
...........▓
...........▓
...........▓
...........▓
▓▓▓▓▓▓▓.........@.5.▓
........................
................2.......
.............1.....2....
..........22.1..2.4.....
.........26222.36.2.....
.........†.641236661....
.........§223&..43.2....
.........612...1.


You could see Ydymecir, a Hell Sentinel, a Tzitzimitl, a Brimstone Fiend, 2
cacodemons, 2 demonspawn, 2 hell beasts, a reaper, 2 green deaths, a gelid
corrupter (berserk), an Executioner, 2 blizzard demons, 3 demonspawn, 2 shadow
demons, an orange demon, 2 smoke demons, 3 tormentors, a neqoxec, a ynoxinul, a
chaos spawn, a red devil and a friendly shadow imp.

Vanquished Creatures
  8 ancient liches
  Mara (Crypt:3)
  9 orbs of fire
  3 juggernauts
  Sojobo (Depths:4)
  2 greater mummies
  6 pandemonium lords (Zig:12)
  Frederick (Vaults:4)
  7 Killer Klowns (Zot:5)
  Vashnia (Snake:2)
  4 caustic shrikes
  5 curse toes
  Xtahua (Depths:4)
  24 golden dragons
  6 bone dragons
  9 liches
  5 hellephants (Zig:16)
  4 electric golems
  30 tentacled monstrosities
  24 Orb Guardians (Zot:5)
  A shard shrike skeleton (Crypt:2)
  4 deep elf master archers
  14 quicksilver dragons
  5 acid blobs (Zig:10)
  4 titans
  An Executioner (Zig:21)
  7 deep elf blademasters
  2 tentacled starspawn (Abyss:3)
  A kraken (Shoals:2)
  Frances (Shoals:2)
  10 death cobs
  Polyphemus (Shoals:2)
  A thorn hunter (Zig:18)
  Agnes (Elf:1)
  12 shadow dragons
  3 sphinxes
  5 ancient champions
  20 storm dragons
  9 tengu reavers
  16 draconian monks
  Donald (Shoals:1)
  Ilsuiw (Shoals:4)
  17 nagarajas
  14 fire giants
  4 revenants
  Kirke (D:14)
  An azure jelly (Zig:10)
  3 daevas (Depths:3)
  10 vault wardens
  4 deep elf sorcerers
  11 draconian knights
  Roxanne (Elf:3)
  6 ghost moths
  2 cacodemons (Zig:21)
  5 draconian scorchers
  A corrupter (Zig:21)
  14 frost giants
  5 iron dragons
  9 draconian stormcallers
  8 ghouls
  4 deep elf elementalists
  A caustic shrike zombie (WizLab)
  4 curse skulls (Zig:14)
  5 balrugs
  4 reapers
  Aizul (Snake:1)
  12 draconian annihilators
  9 draconian shifters
  21 very ugly things
  13 ironheart preservers
  5 orc warlords
  A caustic shrike skeleton (Crypt:1)
  27 stone giants
  4 spriggan defenders
  A juggernaut skeleton (Crypt:2)
  7 war gargoyles
  10 green draconians
  14 vampire knights
  3 entropy weavers
  11 deep elf demonologists
  11 yellow draconians
  20 black draconians
  13 purple draconians
  8 white draconians
  Azrael (Elf:1)
  15 deep elf annihilators
  16 spark wasps
  A dire elephant (shapeshifter) (Zig:12)
  5 eidola
  15 red draconians
  20 ettins
  4 crystal guardians
  8 deep elf high priests
  9 deep elf death magi
  7 death oozes
  9 merfolk javelineers
  5 mummy priests
  9 merfolk impalers
  Josephine (D:13)
  19 fire dragons
  3 quicksilver dragon zombies
  25 yaktaur captains
  12 green deaths
  4 great orbs of eyes
  A hell beast (Zig:21)
  9 jiangshi
  13 ice dragons
  3 ghost crabs (Zig:18)
  14 naga warriors
  8 spriggan air magi
  28 vault guards
  22 hydras
  3 merfolk avatars (Shoals:4)
  7 catoblepae
  7 rakshasas
  6 shambling mangroves
  6 merfolk aquamancers
  2 death knights
  18 anacondas
  6 deep troll shamans
  2 satyrs (Shoals:4)
  53 two-headed ogres
  7 alligators
  3 alligator snapping turtles
  17 ogre magi
  11 death yaks
  A tengu warrior (Depths:4)
  14 centaur warriors
  9 deep troll earth magi
  A death scarab (Zig:13)
  A queen ant (shapeshifter) (Depths:5)
  10 vampire magi
  A titan zombie (WizLab)
  32 dancing weapons
  8 shock serpents
  A thrashing horror (Abyss:3)
  18 naga sharpshooters
  4 orc high priests
  5 spriggan berserkers
  2 wretched stars (Abyss:3)
  19 deep elf knights
  A fire crab (shapeshifter) (Snake:4)
  Sonja (D:13)
  2 sun demons
  2 soul eaters
  3 iron trolls
  A sixfirhy (Abyss:3)
  12 hell knights
  5 shadow wraiths
  31 skeletal warriors
  The ghost of Azzok the Thaumaturge, a novice DEFE of Vehumet (D:9)
  A death drake (shapeshifter) (Zig:9)
  4 fire crabs
  8 sea snakes
  2 spriggan druids (Zig:16)
  2 salamander mystics
  A storm dragon skeleton (Crypt:3)
  An unseen horror (D:13)
  An anaconda zombie (Crypt:2)
  An unseen horror (shapeshifter) (Elf:1)
  21 deep trolls
  11 swamp dragons
  A shadow demon (Abyss:3)
  3 glowing orange brains
  6 wizards
  4 orange crystal statues
  A gelid demonspawn (Depths:3)
  2 obsidian statues (Zig:17)
  10 death drakes
  A swamp dragon (shapeshifter) (Depths:4)
  9 naga ritualists
  A sphinx zombie (WizLab)
  17 deep elf archers
  A large abomination (Zig:4)
  2 wolf spider zombies (D:13)
  8 phantasmal warriors
  13 harpies
  5 flayed ghosts
  2 orb spiders (Zig:7)
  3 harpies (shapeshifter)
  2 mana vipers (shapeshifter) (Vaults:5)
  11 necromancers
  12 mana vipers
  11 orc knights
  17 ironbrand convokers
  An oklob plant (Shoals:1)
  A cyclops (shapeshifter) (Zig:12)
  74 deep elf magi
  5 orc sorcerers
  16 manticores
  5 wolf spiders
  A frost giant zombie (Crypt:3)
  10 cyclopes
  A salamander (shapeshifter) (Vaults:5)
  A stone giant zombie (WizLab)
  2 worldbinders (Abyss:3)
  2 fire giant skeletons (Crypt:3)
  39 ugly things
  6 fauns (Shoals:4)
  Maurice (Orc:2)
  A shadow dragon skeleton (Crypt:2)
  An iron dragon skeleton (Crypt:1)
  4 merfolk sirens
  28 moths of wrath
  A manticore (shapeshifter) (Vaults:3)
  An elephant (shapeshifter) (Vaults:5)
  13 salamanders
  A stone giant skeleton (Crypt:3)
  19 guardian serpents
  5 elephants
  6 water nymphs
  2 apocalypse crabs (Zig:12)
  52 black mambas
  Joseph (D:9)
  A smoke demon (Depths:5)
  Psyche (D:12)
  20 naga magi
  A dire elephant skeleton (Crypt:2)
  4 ice statues
  11 vault sentinels
  A spiny frog (shapeshifter) (Elf:1)
  17 spiny frogs
  3 spriggan zombies (WizLab)
  70 yaktaurs
  7 rime drakes
  3 gargoyles
  A green draconian zombie (Crypt:2)
  3 kobold demonologists
  A human zombie (Vaults:4)
  7 komodo dragons
  A yaktaur (shapeshifter) (Depths:5)
  15 freezing wraiths
  5 demonic crawlers
  3 tengu conjurers
  A yaktaur skeleton (Vaults:4)
  A hellion (Abyss:3)
  3 tormentors
  6 efreet
  7 guardian mummies
  A red devil (Depths:3)
  12 trolls
  A troll (shapeshifter) (Depths:1)
  2 hellwings
  2 jumping spiders (Zig:7)
  29 merfolk
  5 polar bears
  4 wind drakes
  3 tyrant leeches
  A wolf spider simulacrum (IceCv)
  2 jumping spiders (shapeshifter)
  13 hornets
  22 blink frogs
  9 raiju
  34 slime creatures
  5 small abominations
  A blink frog (shapeshifter) (Depths:2)
  13 dream sheep
  5 snapping turtles
  2 fire dragon zombies
  2 bog bodies
  13 hippogriffs
  A snapping turtle (shapeshifter) (Vaults:3)
  2 meliai zombies
  An ettin zombie (Crypt:2)
  2 ice dragon zombies
  42 flying skulls
  A black mamba zombie (Crypt:2)
  2 shapeshifters
  2 redbacks (shapeshifter)
  5 redbacks
  A spriggan (shapeshifter) (D:9)
  A shadow (Zig:18)
  4 spriggans
  19 water elementals
  4 air elementals
  An ice dragon skeleton (Crypt:1)
  A tarantella (Vaults:5)
  An ettin skeleton (Crypt:3)
  2 tarantellas (shapeshifter)
  5 hogs
  20 humans (D:14)
  13 wraiths
  4 wyverns
  An ushabti (Zig:13)
  A hungry ghost (D:13)
  6 basilisks
  48 yaks
  2 chaos spawn (Zig:12)
  15 fire elementals
  6 vampire mosquitoes
  A death yak simulacrum (IceCv)
  2 neqoxecs (Abyss:3)
  A swamp worm (shapeshifter) (Vaults:5)
  A harpy simulacrum (Crypt:2)
  2 steam dragons
  A soldier ant (shapeshifter) (Vaults:1)
  A human simulacrum (Vaults:3)
  11 wargs
  2 deep troll zombies
  2 acid dragons
  23 water moccasins
  2 soldier ants
  49 nagas
  A water moccasin (shapeshifter) (Depths:3)
  2 floating eyes (shapeshifter)
  10 porcupines
  5 hell hounds
  A deep troll skeleton (Crypt:1)
  46 orc warriors
  2 swamp drakes (Zig:20)
  An eye of draining (D:12)
  9 ice beasts
  A snapping turtle zombie (Crypt:3)
  2 sky beasts
  3 black bears
  An eye of draining (shapeshifter) (Depths:2)
  A black bear (shapeshifter) (Zig:15)
  An ettin simulacrum (Vaults:2)
  3 phantoms
  13 starcursed masses (Zig:4)
  An elephant zombie (Crypt:2)
  A tengu (Lair:3)
  7 necrophages
  61 ogres
  10 wolves
  9 boggarts
  17 centaurs
  A yaktaur zombie (WizLab)
  15 crocodiles
  An octopode zombie (Crypt:2)
  8 big kobolds
  21 bullfrogs
  A wyvern zombie (D:10)
  A bullfrog (shapeshifter) (Vaults:5)
  2 deep troll simulacra
  A rime drake skeleton (Crypt:2)
  3 earth elementals
  A wyvern skeleton (D:12)
  A water moccasin zombie (D:9)
  A raiju zombie (Crypt:2)
  A scorpion (shapeshifter) (Zig:12)
  A scorpion (D:13)
  6 killer bees (D:7)
  5 wights (D:10)
  3 howler monkeys
  8 electric eels
  9 crimson imps
  2 bullfrog zombies
  6 centaur zombies
  3 draconian simulacra (IceCv)
  8 hounds
  4 jellies
  A demonspawn zombie (Crypt:1)
  A hound (shapeshifter) (Vaults:5)
  A quasit (D:11)
  18 orc priests
  4 bullfrog skeletons
  An iron imp (Abyss:3)
  32 orc wizards
  3 centaur skeletons
  6 iguanas
  An iguana (shapeshifter) (Vaults:5)
  14 worker ants
  7 troll simulacra (IceCv)
  A polar bear simulacrum (IceCv)
  A wolf simulacrum (IceCv)
  A killer bee zombie (D:6)
  An acid dragon zombie (Crypt:1)
  3 centaur simulacra (IceCv)
  2 hound zombies
  A hound skeleton (D:7)
  3 mummies (Zig:13)
  A worker ant zombie (D:11)
  A howler monkey skeleton (D:11)
  24 adders
  5 naga simulacra (IceCv)
  2 ogre simulacra (IceCv)
  6 shadow imps
  12 white imps (IceCv)
  2 oozes (D:1)
  3 dart slugs
  2 worms
  5 leopard geckos
  82 orcs
  3 ball pythons
  3 giant cockroaches
  6 goblins
  5 hobgoblins
  20 jackals
  4 quokkas
  A ball python zombie (Crypt:2)
  5 bats
  6 frilled lizards
  20 kobolds
  A leopard gecko zombie (D:7)
  6 rats
  A bush (D:14)
  2 crawling corpses (Zig:19)
  6 fungi
  21 plants
  2 starspawn tentacles (Abyss:3)
  3 tentacles (Shoals:2)
3078 creatures vanquished.

Vanquished Creatures (collateral kills)
  A Killer Klown (Zot:4)
  Rupert (Lair:3)
  The ghost of Zero the Severer, an adept GrBe of Trog (Vaults:3)
  Gastronok (Lair:1)
  An azure jelly (Zig:10)
  A draconian scorcher (Depths:5)
  An ironheart preserver (Zig:6)
  A spark wasp (Zig:5)
  A catoblepas (Lair:3)
  An anaconda (Snake:4)
  2 death yaks (Lair:6)
  A tengu warrior (Depths:1)
  2 dancing weapons (Elf:1)
  2 deep elf knights
  A wizard (Depths:1)
  A deep elf archer (Elf:1)
  An orb spider (Zig:5)
  A deep elf mage (Elf:1)
  A manticore (Lair:6)
  2 black mambas
  A minotaur zombie (Crypt:1)
  A yaktaur (Zig:6)
  A slime creature (Zig:10)
  A hippogriff (Lair:3)
  5 yaks (Lair:6)
  A human (D:10)
  2 nagas (Snake:4)
  2 water moccasins (Lair:4)
  A porcupine (Lair:1)
  An ogre (Vaults:1)
  A crocodile (Lair:4)
  4 big kobolds (D:9)
  A yaktaur zombie (Crypt:1)
  A crimson imp (D:5)
  A worker ant (D:10)
  An orc (Orc:2)
49 creatures vanquished.

Vanquished Creatures (others)
  A caustic shrike (Depths:5)
  A golden dragon (Zot:5)
  A Brimstone Fiend (Zig:21)
  A death cob (Zot:2)
  A fire giant (Zot:1)
  A draconian shifter (Zig:17)
  A draconian knight (Zot:1)
  A green draconian (Depths:5)
  A deep elf demonologist (Elf:3)
  A spark wasp (Depths:3)
  A vault guard (Vaults:5)
  A merfolk avatar (Shoals:4)
  A merfolk aquamancer (Shoals:4)
  A two-headed ogre (Vaults:5)
  A hell hog (D:15)
  2 naga sharpshooters (Snake:4)
  4 dancing weapons
  A shadow wraith (Zig:14)
  A death drake (Zig:18)
  An unseen horror (Vaults:1)
  2 spriggan druids (Zig:18)
  A deep troll (Depths:5)
  A swamp dragon (Zig:18)
  An ironbrand convoker (Vaults:5)
  A shadow demon (Zig:21)
  3 deep elf magi
  A spiny frog (Zig:16)
  A hellion (Zig:21)
  A torpor snail (Zig:7)
  A hellwing (Depths:5)
  A freezing wraith (Vaults:2)
  2 hornets (Zig:18)
  A hippogriff (D:10)
  A slime creature (Zig:18)
  A water elemental (Zig:19)
  2 fire elementals (Elf:1)
  A wraith (Vaults:1)
  A human (D:14)
  2 insubstantial wisps (Zig:18)
  A floating eye (Depths:5)
  2 swamp drakes (Zig:18)
  An ogre (Vaults:1)
  A hornet simulacrum (D:15)
  An orc priest (Zig:8)
  An orc wizard (D:13)
  An adder (D:12)
  5 bushes
  2 fire vortices
  17 fungi
  41 plants
  6 starspawn tentacles (Abyss:3)
  5 tentacles (Shoals:2)
  A withered plant (Crypt:1)
134 creatures vanquished.

Grand Total: 3261 creatures vanquished

Notes
Turn   | Place    | Note
-------+----------+-------------------------------------------
     0 | D:1      | Redear the Demonspawn Chaos Knight began the quest for the
                  | Orb.
     0 | D:1      | Reached XP level 1. HP: 18/18 MP: 1/1
   164 | D:1      | Reached skill level 1 in Dodging
   316 | D:1      | XOM: mild Pois miscast
   623 | D:1      | Reached skill level 2 in Armour
   708 | D:1      | Gained mutation: You are partially covered in sharp spines.
                  | [demonic ancestry]
   708 | D:1      | Reached XP level 2. HP: 20/24 MP: 2/2
   923 | D:1      | Reached skill level 3 in Axes
   948 | D:1      | Reached XP level 3. HP: 28/29 MP: 3/3
   958 | D:1      | XOM: harmless Necr miscast
   959 | D:1      | XOM: cast spell 'Dispersal'
   979 | D:1      | XOM: confusion (+ monsters)
  1115 | D:2      | XOM: mild Hex miscast
  1164 | D:2      | Found a glowing golden altar of the Shining One.
  1573 | D:2      | Found an ancient bone altar of Kikubaaqudgha.
  1603 | D:2      | XOM: scenery: create altars
  1700 | D:2      | XOM: mild Chrm miscast
  1829 | D:2      | Reached XP level 4. HP: 35/35 MP: 4/4
  1840 | D:2      | XOM: mild Tloc miscast
  1841 | D:2      | Noticed a spatial vortex
  1976 | D:2      | XOM: noise
  2010 | D:2      | XOM: noise
  2053 | D:3      | XOM: polymorph hobgoblin -> dart slug
  2360 | D:2      | Reached skill level 2 in Dodging
  2431 | D:2      | Noticed a naga
  2431 | D:2      | a worm changed into a naga
  2431 | D:2      | XOM: polymorph worm -> naga
  2733 | D:3      | Found a snail-covered altar of Cheibriados.
  2733 | D:3      | Found a glowing silver altar of Zin.
  2843 | D:3      | XOM: harmless Ice miscast
  2974 | D:3      | XOM: give mutations
  2974 | D:3      | Gained mutation: You are clumsy. (Dex -2) [Xom's mischief]
  2974 | D:3      | Gained mutation: You are weak. (Str -2) [Xom's mischief]
  3066 | D:3      | Found a hazy altar of Hepliaklqana.
  3230 | D:4      | Gained mutation: You are partially covered in slimy green
                  | scales. (AC +2) [demonic ancestry]
  3230 | D:4      | Reached XP level 5. HP: 40/42 MP: 5/5
  3304 | D:4      | Found a sacrificial altar of Ru.
  3313 | D:4      | XOM: enchant monster (bad)
  3350 | D:4      | Reached skill level 4 in Fighting
  3350 | D:4      | Reached skill level 3 in Armour
  3532 | D:4      | Found a shadowy altar of Dithmenos.
  3954 | D:4      | XOM: divination: detect items
  3960 | D:4      | Gained mutation: You have large cloven feet. [demonic
                  | ancestry]
  3960 | D:4      | Reached XP level 6. HP: 25/48 MP: 6/6
  4297 | D:5      | Entered Level 5 of the Dungeon
  4386 | D:5      | Reached skill level 4 in Axes
  4386 | D:5      | Reached skill level 3 in Dodging
  4921 | D:5      | XOM: silly message
  5044 | D:5      | Found a radiant altar of Vehumet.
  5044 | D:5      | Noticed an ice beast
  5055 | D:5      | XOM: confuse monster(s)
  5111 | D:6      | XOM: scenery: 1 doors open
  5220 | D:6      | Reached XP level 7. HP: 52/55 MP: 7/7
  5274 | D:6      | XOM: scenery: 2 doors open
  5369 | D:6      | XOM: god gift: sack of spiders
  5373 | D:6      | Reached skill level 5 in Fighting
  5373 | D:6      | Reached skill level 4 in Armour
  5516 | D:6      | XOM: give mutation
  5516 | D:6      | Lost mutation: You are clumsy. (Dex -2) [Xom's grace]
  5518 | D:6      | XOM: scenery: 1 doors close
  5524 | D:6      | XOM: summons 3 hostile demons
  5682 | D:6      | Found Isustruff's Magic Scroll Shop.
  5690 | D:6      | Bought a scroll of identify for 30 gold pieces
  5690 | D:6      | Bought a scroll of identify for 30 gold pieces
  5690 | D:6      | Bought a scroll of teleportation for 45 gold pieces
  5703 | D:6      | XOM: summons 3 hostile demons
  5704 | D:6      | Noticed a smoke demon
  5757 | D:6      | Lost mutation: You are weak. (Str -2) [potion of mutation]
  5757 | D:6      | Gained mutation: Your flesh is cold resistant. (rC+)
                  | [potion of mutation]
  5757 | D:6      | Gained mutation: You have supernaturally acute eyesight.
                  | (SInv) [potion of mutation]
  5789 | D:6      | Reached skill level 4 in Dodging
  5866 | D:6      | Found an ornate altar of the Wu Jian Council.
  6180 | D:7      | Reached skill level 5 in Axes
  6180 | D:7      | Gained mutation: You sometimes gain a little power by
                  | taking damage. [demonic ancestry]
  6180 | D:7      | Reached XP level 8. HP: 42/63 MP: 8/8
  6306 | D:7      | XOM: fog
  6309 | D:7      | XOM: destruction
  6321 | D:7      | XOM: cast spell 'Death Channel'
  6323 | D:7      | Reached skill level 6 in Fighting
  6323 | D:7      | Reached skill level 5 in Armour
  6392 | D:7      | XOM: divination: magic mapping
  6399 | D:7      | Reached skill level 5 in Dodging
  6462 | D:7      | Found a blossoming altar of Fedhas.
  6508 | D:7      | Found Oratute's Book Shop.
  6765 | D:7      | Found a blossoming altar of Fedhas.
  7023 | D:7      | Found a basalt altar of Yredelemnul.
  7121 | D:7      | XOM: harmless Erth miscast
  7124 | D:7      | Found a burning altar of Makhleb.
  7169 | D:8      | Reached skill level 6 in Axes
  7169 | D:8      | Gained mutation: You are mostly covered in sharp spines.
                  | [demonic ancestry]
  7169 | D:8      | Reached XP level 9. HP: 63/71 MP: 9/9
  7313 | D:8      | XOM: 2-stop teleportation journey
  7626 | D:8      | XOM: summons 4 hostile shadow creatures
  7690 | D:8      | XOM: summons 2 hostile demons
  7740 | D:8      | Reached skill level 7 in Fighting
  7740 | D:8      | Reached skill level 6 in Armour
  7938 | D:9      | Reached skill level 6 in Dodging
  8010 | D:9      | Noticed Harold
  8025 | D:9      | Harold changed into Harold the shapeshifter
  8025 | D:9      | XOM: polymorph Harold -> Harold the shapeshifter
  8025 | D:9      | Noticed Harold
  8025 | D:9      | Harold the shapeshifter changed into Harold the meliai
  8027 | D:9      | Harold the meliai changed into Harold the spriggan
  8081 | D:9      | XOM: silly message
  8094 | D:9      | XOM: polymorph orc wizard -> worm
  8190 | D:9      | Found Upatuicog's Jewellery Boutique.
  8202 | D:9      | Bought an uncursed ring of poison resistance for 300 gold
                  | pieces
  8280 | D:9      | Found a runed translucent gate.
  8280 | D:9      | Found a runed translucent gate.
  8280 | D:9      | Found a runed translucent gate.
  8282 | D:9      | Identified the +4 dagger "Esoano" {elec, rF+ Int+4 SInv}
  8282 | D:9      | Noticed Azzok's ghost (novice DEFE)
  8283 | D:9      | Noticed a kobold demonologist
  8398 | D:9      | Noticed Joseph
  8425 | D:9      | Killed Joseph
  8425 | D:9      | Reached skill level 7 in Axes
  8562 | D:9      | XOM: confusion (+ monsters)
  8565 | D:9      | XOM: confuse monster(s)
  8567 | D:9      | XOM: noise
  8570 | D:9      | Noticed a troll
  8592 | D:9      | Killed a troll
  8592 | D:9      | Gained mutation: You have hoof-like feet. [demonic
                  | ancestry]
  8592 | D:9      | Reached XP level 10. HP: 42/80 MP: 10/10
  9153 | D:10     | Entered Level 10 of the Dungeon
  9176 | D:10     | Reached skill level 8 in Fighting
  9215 | D:10     | Reached skill level 7 in Armour
  9304 | D:10     | XOM: noise
  9308 | D:10     | Reached skill level 7 in Dodging
  9340 | D:10     | Found a staircase to the Orcish Mines.
  9350 | D:10     | Noticed a two-headed ogre
  9352 | D:10     | XOM: confuse monster(s)
  9354 | D:10     | XOM: fog
  9410 | D:10     | XOM: butterfly on damage
  9420 | D:10     | XOM: confusion (+ monsters)
  9429 | D:10     | Killed a two-headed ogre
  9562 | D:10     | XOM: 4-stop teleportation journey
  9591 | D:10     | XOM: divine lightning
  9615 | D:10     | Reached skill level 8 in Axes
  9631 | D:10     | XOM: enchant monster (good)
  9656 | D:10     | Found a staircase to the Lair.
  9830 | D:10     | Reached skill level 9 in Fighting
  9895 | D:10     | XOM: cleaving
 10035 | D:10     | Noticed a two-headed ogre
 10041 | D:10     | XOM: silly message
 10048 | D:10     | XOM: cast spell 'Summon Ice Beast'
 10101 | D:10     | XOM: divination: detect items
 10122 | D:10     | XOM: noise
 10125 | D:10     | XOM: enchant monster (good)
 10235 | D:9      | XOM: noise
 10426 | D:10     | XOM: mild Necr miscast
 10490 | D:10     | Reached skill level 8 in Armour
 10532 | D:11     | Gained mutation: You are mostly covered in slimy green
                  | scales. (AC +3) [demonic ancestry]
 10532 | D:11     | Reached XP level 11. HP: 63/89 MP: 11/11
 10632 | D:11     | Noticed a four-headed hydra
 10637 | D:11     | XOM: enchant monster (good)
 10725 | Lair:1   | Entered Level 1 of the Lair of Beasts
 10726 | Lair:1   | XOM: destruction
 10732 | Lair:1   | Noticed Gastronok
 10734 | Lair:1   | XOM: enchant monster (good)
 10735 | Lair:1   | Reached skill level 8 in Dodging
 10763 | Lair:1   | XOM: summons friendly shadow imp
 10850 | Lair:1   | XOM: summons friendly iron imp
 10865 | Lair:1   | Killed Gastronok
 10999 | Lair:1   | XOM: scenery: create altars
 11086 | Lair:1   | XOM: fog
 11164 | Lair:1   | XOM: harmless Pois miscast
 11175 | Lair:1   | XOM: confuse monster(s)
 11196 | Lair:1   | Reached skill level 9 in Axes
 11429 | Lair:1   | XOM: cast spell 'Summon Small Mammal'
 11480 | Lair:2   | Noticed a seven-headed hydra
 11482 | Lair:2   | XOM: enchant monster (good)
 11495 | Lair:2   | XOM: polymorph crocodile -> bullfrog
 11538 | Lair:2   | HP: 1/90 [komodo dragon (9)]
 11702 | Lair:2   | Noticed a five-headed hydra
 11736 | Lair:1   | XOM: potion effect (agility)
 11783 | Lair:2   | XOM: potion effect (agility)
 11802 | Lair:2   | XOM: potion effect (invisibility)
 11828 | Lair:2   | XOM: confuse monster(s)
 11879 | Lair:2   | XOM: confuse monster(s)
 11907 | Lair:2   | XOM: mild Conj miscast
 11915 | Lair:2   | XOM: cleaving
 12111 | Lair:2   | Reached skill level 10 in Fighting
 12111 | Lair:2   | Reached skill level 9 in Armour
 12112 | Lair:2   | XOM: smoke on damage
 12164 | Lair:2   | XOM: fog
 12171 | Lair:2   | Noticed an oklob plant
 12281 | Lair:3   | Noticed a catoblepas
 12300 | Lair:3   | XOM: summons friendly neqoxec
 12313 | Lair:3   | Killed a catoblepas
 12313 | Lair:3   | Reached skill level 9 in Dodging
 12433 | Lair:3   | Noticed Rupert
 12440 | Lair:3   | Paralysed by Rupert for 5 turns
 12449 | Lair:3   | Killed Rupert
 12449 | Lair:3   | Gained mutation: You have hooves in place of feet. [demonic
                  | ancestry]
 12449 | Lair:3   | Reached XP level 12. HP: 84/98 MP: 12/12
 12613 | Lair:3   | Identified Xom's Catalogue of Uncomfortable Rashes (Xom
                  | gifted it to you on level 3 of the Lair of Beasts)
 12613 | Lair:3   | XOM: god gift: Xom's Catalogue of Uncomfortable Rashes
 12630 | Lair:3   | XOM: polymorph basilisk -> tengu
 12821 | Lair:3   | XOM: divination: detect items
 12865 | Lair:3   | XOM: god gift: plate armour {god gift}
 12929 | Lair:3   | XOM: cloud trail
 13329 | Lair:4   | XOM: fog
 13404 | Lair:3   | XOM: give mutations
 13404 | Lair:3   | Gained mutation: Your flesh is very cold resistant. (rC++)
                  | [Xom's grace]
 13404 | Lair:3   | Gained mutation: You are completely covered in slimy green
                  | scales. (AC +4, rPois) [Xom's grace]
 13404 | Lair:3   | Gained mutation: You possess an exceptional clarity of
                  | mind. [Xom's grace]
 13404 | Lair:3   | Gained mutation: You have a pair of small antennae on your
                  | head. [Xom's grace]
 13558 | Lair:3   | XOM: give mutations
 13558 | Lair:3   | Gained mutation: You are robust. (+10% HP) [Xom's grace]
 13558 | Lair:3   | Gained mutation: Your system is resistant to poisons.
                  | (rPois) [Xom's grace]
 13558 | Lair:3   | Gained mutation: You are somewhat resistant to further
                  | mutation. [Xom's grace]
 13558 | Lair:3   | Gained mutation: Your spells are a little harder to cast,
                  | but a little more powerful. [Xom's grace]
 13816 | Lair:4   | XOM: scenery: create altars
 13885 | Lair:4   | XOM: enchant monster (good)
 13886 | Lair:4   | XOM: summons 2 friendly demons
 13891 | Lair:4   | Reached skill level 10 in Axes
 13897 | Lair:4   | Found a staircase to the Snake Pit.
 14006 | Lair:4   | XOM: summons 12 friendly demons
 14143 | Lair:4   | XOM: potion effect (haste)
 14145 | Lair:4   | Reached skill level 11 in Fighting
 14294 | Lair:4   | Reached skill level 10 in Armour
 14545 | Lair:4   | Reached skill level 10 in Dodging
 14648 | Snake:1  | Entered Level 1 of the Snake Pit
 14697 | Lair:5   | Noticed a five-headed hydra
 14702 | Lair:5   | Killed a two-headed hydra
 14782 | Lair:5   | Found a frozen archway.
 14784 | Lair:5   | XOM: divine lightning
 14810 | IceCv    | XOM: noise
 14810 | IceCv    | Entered an ice cave
 14816 | IceCv    | Mutation became permanent: You are mostly covered in slimy
                  | green scales. (AC +3) [demonic ancestry]
 14816 | IceCv    | Gained mutation: You are completely covered in slimy green
                  | scales. (AC +4, rPois) [demonic ancestry]
 14816 | IceCv    | Reached XP level 13. HP: 59/116 MP: 13/13
 14895 | IceCv    | XOM: god gift: robe {god gift}
 15064 | IceCv    | XOM: scenery: create altars
 15222 | IceCv    | XOM: smoke on damage
 15229 | IceCv    | XOM: summons friendly chaos spawn
 15490 | IceCv    | XOM: polymorph ice beast -> wolf
 15496 | IceCv    | XOM: potion effect (might)
 15593 | IceCv    | Found an ancient bone altar of Kikubaaqudgha.
 15970 | IceCv    | XOM: harmless Chrm miscast
 16203 | IceCv    | XOM: harmless Chrm miscast
 16516 | Lair:5   | XOM: scenery: 3 fountains blood, 1 doors open
 16521 | Lair:5   | Reached skill level 11 in Axes
 16635 | Lair:5   | XOM: enchant monster (good)
 16694 | Lair:5   | XOM is BORED!
 16734 | Lair:5   | XOM: god gift: blackened emerald amulet {god gift}
 16792 | Lair:5   | XOM: harmless Air miscast
 16814 | Lair:5   | XOM: noise
 16966 | Lair:5   | XOM: summons friendly white imp
 17032 | Lair:6   | Entered Level 6 of the Lair of Beasts
 17044 | Lair:5   | Reached skill level 12 in Fighting
 17168 | Lair:3   | XOM: give mutations
 17168 | Lair:3   | Lost mutation: You are somewhat resistant to further
                  | mutation. [Xom's grace]
 17168 | Lair:3   | Gained mutation: You evolve. [Xom's grace]
 17168 | Lair:3   | Gained mutation: You can translocate small distances at
                  | will. [Xom's grace]
 17168 | Lair:3   | Gained mutation: You expend magic power (3 MP) to
                  | strengthen your wands. [Xom's grace]
 17197 | Lair:2   | Found a staircase to the Shoals.
 17211 | Lair:2   | XOM: 7-stop teleportation journey
 17214 | Lair:2   | Reached skill level 11 in Armour
 17217 | Lair:2   | XOM: enchant monster (good)
 17225 | Lair:2   | XOM: confuse monster(s)
 17226 | Lair:2   | HP: 11/118 [four-headed hydra (5)]
 17452 | Lair:2   | XOM: enchant monster (good)
 18076 | Lair:3   | XOM: give mutations
 18076 | Lair:3   | Gained mutation: You rapidly evolve. [Xom's grace]
 18076 | Lair:3   | Gained mutation: You are agile. (Dex +2) [Xom's grace]
 18076 | Lair:3   | Lost mutation: You rapidly evolve. [Xom's grace]
 18076 | Lair:3   | Lost mutation: You evolve. [Xom's grace]
 18076 | Lair:3   | Gained mutation: You are somewhat resistant to further
                  | mutation. [Xom's grace]
 18076 | Lair:3   | Gained mutation: Your flesh is almost immune to the effects
                  | of cold. (rC+++) [Xom's grace]
 18131 | Lair:5   | Reached skill level 11 in Dodging
 18268 | Lair:6   | XOM: fog
 18461 | Lair:6   | XOM: enchant monster (bad)
 18476 | Lair:6   | XOM: summons friendly white imp
 18484 | Lair:6   | XOM: smoke on damage
 18506 | Lair:6   | XOM: summons 7 friendly demons
 18536 | Lair:6   | Mutation became permanent: You are robust. (+10% HP)
                  | [demonic ancestry]
 18536 | Lair:6   | Gained mutation: You are robust. (+10% HP) [demonic
                  | ancestry]
 18536 | Lair:6   | Reached XP level 14. HP: 109/127 MP: 14/14
 18753 | Lair:6   | XOM: 7-stop teleportation journey
 18756 | Lair:6   | XOM: summons 3 hostile demons
 18759 | Lair:6   | XOM: smoke on damage
 18805 | Lair:6   | Found a viscous altar of Jiyva.
 18806 | Lair:6   | Found a staircase to the Slime Pits.
 18814 | Lair:6   | XOM is BORED!
 18814 | Lair:6   | XOM: stat loss: -1 Str (15/16)
 18921 | Lair:6   | XOM: harmless Hex miscast
 19098 | Lair:6   | XOM: divination: detect creatures
 19129 | Lair:6   | XOM: give mutation
 19129 | Lair:6   | Lost mutation: Your flesh is almost immune to the effects
                  | of cold. (rC+++) [Xom's mischief]
 19271 | Lair:6   | XOM: cloud trail
 19272 | Lair:6   | XOM: god gift: scroll of immolation
 19553 | D:11     | Reached skill level 12 in Axes
 19911 | D:11     | XOM: god gift: 7 rations
 19967 | D:12     | XOM: divination: magic mapping
 20014 | D:12     | XOM: smoke on damage
 20018 | D:12     | XOM: scenery: create altars
 20021 | D:12     | Reached skill level 13 in Fighting
 20061 | D:12     | XOM: god gift: 18 arrows
 20084 | D:12     | XOM: 1-stop teleportation journey
 20164 | D:12     | Noticed Psyche
 20171 | D:12     | Killed Psyche
 20207 | D:12     | XOM: divination: detect items
 20319 | D:12     | Found a basalt altar of Yredelemnul.
 20345 | D:12     | You fall through a shaft for 3 floors!
 20345 | D:15     | Entered Level 15 of the Dungeon
 20361 | D:15     | Reached skill level 12 in Armour
 20362 | D:15     | XOM: polymorph rakshasa -> hell hog
 20547 | D:15     | XOM: destruction
 20550 | D:15     | XOM: 1-stop teleportation journey
 20724 | D:14     | XOM: give mutations
 20724 | D:14     | Lost mutation: You expend magic power (3 MP) to strengthen
                  | your wands. [Xom's mischief]
 20724 | D:14     | Gained mutation: You are weak. (Str -2) [Xom's mischief]
 20724 | D:14     | Lost mutation: Your spells are a little harder to cast, but
                  | a little more powerful. [Xom's mischief]
 20804 | D:14     | Noticed Kirke
 20821 | D:14     | Killed Kirke
 20821 | D:14     | Reached skill level 12 in Dodging
 20909 | D:13     | XOM: noise
 20928 | D:13     | XOM: summons 7 hostile demons
 20929 | D:13     | XOM: summons 1 hostile shadow creature
 20963 | D:13     | Got a crude plate armour
 20974 | D:13     | Identified the +2 plate armour "Utwienti" {*Slow Slay+5}
                  | (You found it on level 13 of the Dungeon)
 21077 | D:13     | Noticed Sonja
 21080 | D:13     | XOM: mild Tmut miscast
 21101 | D:13     | Killed Sonja
 21370 | D:13     | XOM: noise
 21452 | D:13     | XOM: give mutations
 21452 | D:13     | Lost mutation: You are somewhat resistant to further
                  | mutation. [Xom's mischief]
 21452 | D:13     | Lost mutation: You are agile. (Dex +2) [Xom's mischief]
 21452 | D:13     | Gained mutation: You are dopey. (Int -2) [Xom's mischief]
 21495 | D:13     | Noticed Josephine
 21503 | D:13     | Killed Josephine
 21838 | D:14     | Found Zemepihi's Antique Weapon Shoppe.
 22017 | D:12     | XOM: summons 4 hostile demons
 22040 | D:12     | XOM: give mutations
 22040 | D:12     | Lost mutation: You are dopey. (Int -2) [Xom's mischief]
 22040 | D:12     | Lost mutation: You are weak. (Str -2) [Xom's mischief]
 22040 | D:12     | Lost mutation: You have supernaturally acute eyesight.
                  | (SInv) [Xom's mischief]
 22040 | D:12     | Gained mutation: Scrolls take you a little longer to read.
                  | [Xom's mischief]
 22040 | D:12     | Lost mutation: Scrolls take you a little longer to read.
                  | [Xom's mischief]
 22096 | D:12     | XOM: destruction
 22099 | D:12     | Reached XP level 15. HP: 87/136 MP: 15/15
 22477 | D:14     | Found Azegonypn's Weapon Boutique.
 22477 | D:14     | XOM: 3-stop teleportation journey
 22486 | D:14     | XOM: enchant monster (good)
 22508 | D:14     | Found Mablezab's Distillery.
 22508 | D:14     | XOM: 6-stop teleportation journey
 22514 | D:14     | XOM: harmless Chrm miscast
 22543 | D:14     | XOM: harmless Pois miscast
 22554 | D:14     | Found Toshoager's Food Shoppe.
 22567 | D:14     | Bought 2 potions of heal wounds for 110 gold pieces
 22567 | D:14     | Bought a potion of curing for 33 gold pieces
 22567 | D:14     | Bought a potion of agility for 44 gold pieces
 22567 | D:14     | Bought a potion of might for 44 gold pieces
 22567 | D:14     | Bought a potion of lignification for 33 gold pieces
 22734 | D:14     | XOM: chaos upgrade
 22754 | D:14     | XOM: noise
 22756 | D:14     | XOM: noise
 22831 | D:14     | XOM: mild Summ miscast
 22848 | D:14     | Got an ebony hand crossbow
 22870 | D:14     | XOM: give mutations
 22870 | D:14     | Lost mutation: You have a pair of small antennae on your
                  | head. [Xom's mischief]
 22870 | D:14     | Gained mutation: Scrolls take you a little longer to read.
                  | [Xom's mischief]
 22870 | D:14     | Lost mutation: You can translocate small distances at will.
                  | [Xom's mischief]
 22873 | D:14     | Identified the cursed +1 hand crossbow of the Shoals
                  | {freeze, +Blink rPois SInv} (You found it on level 14 of
                  | the Dungeon)
 22881 | D:14     | Got a pitted shortbow
 22882 | D:14     | Identified the +7 shortbow of Iconoclasm {venom, -Tele +Fly
                  | Int+9} (You found it on level 14 of the Dungeon)
 22993 | D:14     | XOM: draining
 23014 | D:14     | Found a gate to the Vaults.
 23070 | D:14     | Identified the Tome of Shifting Clay
 23326 | D:15     | XOM: scenery: create altars
 23332 | D:15     | XOM: polymorph green ugly thing -> white ugly thing
 23699 | D:15     | XOM: confuse monster(s)
 23702 | D:15     | XOM: scenery: create altars
 23719 | D:15     | Reached skill level 13 in Axes
 24257 | D:15     | Reached skill level 14 in Fighting
 24457 | D:15     | Found a staircase to the Depths.
 24717 | Orc:1    | Entered Level 1 of the Orcish Mines
 24717 | Orc:1    | Found Wonlim's Weapon Boutique.
 24769 | Orc:2    | Entered Level 2 of the Orcish Mines
 24772 | Orc:2    | Noticed Maurice
 24777 | Orc:2    | XOM: enchant monster (bad)
 24778 | Orc:2    | XOM: summons 2 hostile shadow creatures
 24781 | Orc:2    | Killed Maurice
 24891 | Orc:2    | Found Tiaves's Jewellery Shop.
 24891 | Orc:2    | XOM: 2-stop teleportation journey
 24892 | Orc:2    | Noticed an orc warlord
 24901 | Orc:2    | XOM: fog
 24904 | Orc:2    | Killed an orc warlord
 24917 | Orc:2    | Found a roughly hewn altar of Beogh.
 24921 | Orc:2    | Found a radiant altar of Vehumet.
 24934 | Orc:1    | XOM: enchant monster (bad)
 24947 | Orc:1    | Reached skill level 13 in Armour
 24984 | Orc:1    | XOM: harmless Air miscast
 25008 | Orc:1    | Found Gyariut's Gadget Shoppe.
 25013 | Orc:1    | Paralysed by an orc sorcerer for 3 turns
 25188 | Orc:2    | XOM: mild Tmut miscast
 25193 | Orc:2    | Reached skill level 13 in Dodging
 25287 | Orc:2    | XOM: 2-stop teleportation journey
 25298 | Orc:2    | XOM: scenery: create altars
 25305 | Orc:2    | XOM: chaos upgrade
 25312 | Orc:2    | XOM: blink monster(s)
 25467 | Orc:2    | XOM: medium Conj miscast
 25490 | Orc:2    | Found a staircase to the Elven Halls.
 25638 | Orc:2    | Found Fuawk's Magic Scroll Boutique.
 25638 | Orc:2    | Found Usif's Food Emporium.
 25639 | Orc:2    | Found Yshroff's Jewellery Emporium.
 25639 | Orc:2    | Found Vafukoxzu's Antique Armour Shop.
 25646 | Orc:2    | Bought a scroll of identify for 26 gold pieces
 25646 | Orc:2    | Bought a scroll of identify for 26 gold pieces
 25646 | Orc:2    | Bought a scroll of identify for 26 gold pieces
 25646 | Orc:2    | Bought a scroll of fog for 26 gold pieces
 25646 | Orc:2    | Bought a scroll of fog for 26 gold pieces
 25646 | Orc:2    | Bought a scroll of magic mapping for 45 gold pieces
 25646 | Orc:2    | Bought a scroll of identify for 26 gold pieces
 25646 | Orc:2    | Bought a scroll of magic mapping for 45 gold pieces
 25647 | Orc:2    | Bought a +6 ring of protection for 1014 gold pieces
 25858 | Orc:2    | XOM is BORED!
 25858 | Orc:2    | XOM: give mutations
 25858 | Orc:2    | Gained mutation: You are dopey. (Int -2) [Xom's mischief]
 25858 | Orc:2    | Gained mutation: You are very dopey. (Int -4) [Xom's
                  | mischief]
 25858 | Orc:2    | Lost mutation: You possess an exceptional clarity of mind.
                  | [Xom's mischief]
 25863 | Orc:2    | XOM: summons 7 hostile demons
 25864 | Orc:2    | XOM: smoke on damage
 25918 | Orc:2    | XOM: give mutation
 25918 | Orc:2    | Gained mutation: Your natural rate of healing is unusually
                  | fast. [Xom's grace]
 25990 | Orc:2    | Bought an uncursed ring of see invisible for 255 gold
                  | pieces
 26038 | Orc:1    | Found Qaocris's Food Shoppe.
 26065 | Orc:1    | Found Naonagug's Weapon Shoppe.
 26190 | Orc:2    | Bought an uncursed ring of protection from magic for 425
                  | gold pieces
 26277 | D:9      | XOM: summons 15 friendly demons
 26285 | D:9      | Killed Azzok's ghost
 26288 | D:9      | Reached XP level 16. HP: 137/147 MP: 16/16
 26321 | D:9      | XOM: give mutations
 26321 | D:9      | Gained mutation: You are very robust. (+20% HP) [Xom's
                  | grace]
 26321 | D:9      | Gained mutation: Your spells are a little harder to cast,
                  | but a little more powerful. [Xom's grace]
 26447 | Snake:1  | Noticed Aizul
 26448 | Snake:1  | Found a hide-covered altar of Uskayaw.
 26458 | Snake:1  | Killed Aizul
 26855 | Snake:1  | XOM: snakes to sticks
 27229 | Snake:1  | XOM: give mutations
 27229 | Snake:1  | Gained mutation: You expend magic power (3 MP) to
                  | strengthen your wands. [Xom's grace]
 27229 | Snake:1  | Gained mutation: You are somewhat resistant to further
                  | mutation. [Xom's grace]
 27229 | Snake:1  | Lost mutation: You are very dopey. (Int -4) [Xom's grace]
 27321 | Snake:1  | XOM: give mutations
 27321 | Snake:1  | Gained mutation: Your spells are harder to cast, but more
                  | powerful. [Xom's grace]
 27321 | Snake:1  | Gained mutation: You are agile. (Dex +2) [Xom's grace]
 27394 | Snake:1  | XOM: god gift: runed broad axe {god gift}
 27469 | Snake:1  | XOM: scenery: create altars
 27737 | Snake:1  | XOM: god gift: battleaxe {god gift}
 27740 | Snake:1  | XOM: cloud trail
 27800 | Snake:2  | XOM: cleaving
 27834 | Snake:2  | XOM: chaos upgrade
 27960 | Snake:2  | XOM: torment (81/160 hp)
 27974 | Snake:2  | Reached skill level 15 in Fighting
 27992 | Snake:2  | Reached skill level 14 in Axes
 28208 | Snake:2  | Reached skill level 14 in Armour
 28281 | Snake:2  | Noticed Vashnia
 28290 | Snake:2  | XOM: divination: magic mapping
 28309 | Snake:2  | Killed Vashnia
 28309 | Snake:2  | Reached skill level 14 in Dodging
 28665 | Snake:2  | Found Ulyerr's Weapon Emporium.
 29029 | Snake:3  | Reached skill level 1 in Shields
 29220 | Snake:3  | Reached XP level 17. HP: 152/170 MP: 17/17
 29241 | Snake:3  | XOM: chaos upgrade
 29246 | Snake:3  | XOM: potion effect (might)
 29375 | Snake:3  | Reached skill level 2 in Shields
 29429 | Snake:3  | XOM: chaos upgrade
 29451 | Snake:2  | XOM: medium Ice miscast
 29637 | Snake:3  | XOM: swap monsters
 30263 | Snake:3  | Reached skill level 3 in Shields
 30736 | Snake:4  | Entered Level 4 of the Snake Pit
 30755 | Snake:4  | XOM: chaos upgrade
 30939 | Snake:4  | XOM: confuse monster(s)
 30964 | Snake:4  | XOM: destruction
 31045 | Snake:4  | XOM: fog
 31162 | Snake:4  | XOM: summons 16 friendly demons
 31173 | Snake:4  | Reached skill level 4 in Shields
 31704 | Snake:4  | XOM: cast spell 'Summon Small Mammal'
 31742 | Snake:4  | XOM: cleaving
 31773 | Snake:4  | XOM: give mutations
 31773 | Snake:4  | Gained mutation: Your flesh is heat resistant. (rF+) [Xom's
                  | grace]
 31773 | Snake:4  | Gained mutation: You have very sharp teeth. [Xom's grace]
 31786 | Snake:4  | XOM: medium Ice miscast
 31921 | Snake:4  | Reached skill level 16 in Fighting
 32034 | Snake:4  | XOM: noise
 32060 | Snake:4  | XOM: polymorph guardian serpent -> shapeshifter
 32067 | Snake:4  | Reached skill level 15 in Axes
 32068 | Snake:4  | Reached skill level 5 in Shields
 32069 | Snake:4  | XOM: swap monsters
 32072 | Snake:4  | XOM: fog
 32075 | Snake:4  | HP: 4/172 [naga sharpshooter/arrow (19)]
 32080 | Snake:4  | HP: 17/172 [poisoned by a naga sharpshooter (splash of
                  | poison)]
 32091 | Snake:4  | Mutation became permanent: You are robust. (+10% HP)
                  | [demonic ancestry]
 32091 | Snake:4  | Gained mutation: You are very robust. (+20% HP) [demonic
                  | ancestry]
 32091 | Snake:4  | Reached XP level 18. HP: 41/181 MP: 15/18
 32097 | Snake:4  | XOM: harmless Ice miscast
 32276 | Snake:4  | XOM: enchant monster (good)
 32307 | Snake:4  | XOM: confusion (+ monsters)
 32337 | Snake:4  | XOM: summons friendly white imp
 32388 | Snake:4  | Reached skill level 15 in Armour
 32448 | Snake:4  | XOM: confuse monster(s)
 32455 | Snake:4  | XOM: fake destruction
 32612 | Snake:4  | Got a serpentine rune of Zot
 32790 | Shoals:1 | Entered Level 1 of the Shoals
 32790 | Shoals:1 | Noticed Donald
 32807 | Shoals:1 | Killed Donald
 32853 | Shoals:1 | Reached skill level 15 in Dodging
 32967 | Shoals:1 | Found the +7 sceptre of Torment {pain, torment}
 33102 | Shoals:1 | XOM: polymorph merfolk siren -> manticore
 33103 | Shoals:1 | Reached skill level 6 in Shields
 33161 | Shoals:1 | Found Qeal's Magic Scroll Emporium.
 33196 | Shoals:1 | Bought a scroll of enchant weapon for 105 gold pieces
 33196 | Shoals:1 | Bought 3 scrolls of fog for 84 gold pieces
 33196 | Shoals:1 | Bought a scroll of fog for 28 gold pieces
 33196 | Shoals:1 | Bought a scroll of fog for 28 gold pieces
 33196 | Shoals:1 | Bought a scroll of fog for 28 gold pieces
 33653 | Shoals:1 | Found a sacrificial altar of Ru.
 33685 | Shoals:1 | XOM: god gift: scythe {god gift}
 33816 | Shoals:2 | XOM: mild Conj miscast
 33819 | Shoals:2 | Noticed Polyphemus
 33826 | Shoals:2 | XOM: swap monsters
 33835 | Shoals:2 | Killed Polyphemus
 33895 | Shoals:2 | XOM: silly message
 34040 | Shoals:2 | XOM: harmless Ice miscast
 34196 | Shoals:2 | Noticed Frances
 34201 | Shoals:2 | XOM: divination: magic mapping
 34202 | Shoals:2 | XOM: harmless Conj miscast
 34210 | Shoals:2 | Killed Frances
 34797 | Shoals:3 | XOM: noise
 34993 | Shoals:3 | XOM: mild Tmut miscast
 35005 | Shoals:3 | XOM: cast spell 'Summon Butterflies'
 35130 | Shoals:3 | XOM: god gift: 21 gold pieces
 35213 | Shoals:3 | XOM: mild Ice miscast
 35269 | Shoals:3 | XOM: scenery: create altars
 35371 | Shoals:4 | Entered Level 4 of the Shoals
 35395 | Shoals:4 | XOM: god gift: 5 rations
 35409 | Shoals:4 | XOM: god gift: 23 gold pieces
 35464 | Shoals:4 | XOM: potion effect (haste)
 35540 | Shoals:4 | XOM: silly message
 35641 | Shoals:4 | XOM: harmless Tmut miscast
 35649 | Shoals:4 | HP: 15/183 [merfolk/+0 trident (5)]
 35785 | Shoals:3 | XOM: divination: detect creatures
 35865 | Shoals:4 | Reached skill level 7 in Shields
 35878 | Shoals:4 | Noticed Ilsuiw
 35886 | Shoals:4 | XOM: potion effect (berserk rage)
 36059 | Shoals:4 | XOM: potion effect (heal wounds)
 36148 | Shoals:4 | Got a slimy shield
 36193 | Shoals:4 | XOM: silly message
 36198 | Shoals:4 | Cast into level 3 of the Abyss (merfolk impaler)
 36212 | Abyss:3  | XOM: potion effect (curing)
 36258 | Abyss:3  | XOM: divination: magic mapping
 36296 | Abyss:3  | XOM: divination: detect creatures
 36401 | Abyss:3  | Reached XP level 19. HP: 190/190 MP: 19/19
 36409 | Abyss:3  | XOM: mild Necr miscast
 36411 | Abyss:3  | XOM: silly message
 36450 | Abyss:3  | Noticed a bone dragon
 36451 | Abyss:3  | XOM: potion effect (curing)
 36463 | Abyss:3  | Killed a bone dragon
 36487 | Abyss:3  | HP: 19/190 [starcursed mass/accursed screaming (8)]
 36487 | Abyss:3  | Paralysed by accursed screaming for 1 turns
 36645 | Abyss:3  | XOM: potion effect (haste)
 36679 | Shoals:4 | Escaped the Abyss
 36789 | Shoals:4 | XOM: harmless Conj miscast
 36846 | Shoals:4 | XOM: 1-stop teleportation journey
 36859 | Shoals:4 | Reached skill level 17 in Fighting
 36861 | Shoals:4 | XOM: god gift: 51 gold pieces
 37084 | Shoals:4 | Identified a scroll of acquirement
 37091 | Shoals:4 | Got a steaming helmet
 37102 | Shoals:4 | Identified the +0 helmet "Foppepue" {rPois Regen+ Str+4
                  | Int+2} (You acquired it on level 4 of the Shoals)
 37185 | Shoals:4 | XOM: swap monsters
 37273 | Shoals:4 | XOM: cloud trail
 37416 | Shoals:4 | XOM: cleaving
 37418 | Shoals:4 | Reached skill level 8 in Shields
 37476 | Shoals:4 | Got a barnacled rune of Zot
 37497 | Shoals:4 | XOM: fog
 37509 | Shoals:4 | Killed Ilsuiw
 37528 | Shoals:4 | XOM: divination: magic mapping
 37552 | Shoals:4 | XOM: fog
 37582 | Shoals:4 | XOM: fog
 37640 | Shoals:4 | XOM: 2-stop teleportation journey
 37684 | Shoals:4 | XOM: divination: detect creatures
 37912 | Shoals:2 | XOM: 5-stop teleportation journey
 38139 | D:14     | Identified the +4 shield of Card Tricks {Stlth+} (You found
                  | it on level 4 of the Shoals)
 38140 | Vaults:1 | Entered Level 1 of the Vaults
 38211 | Vaults:1 | Reached skill level 16 in Axes
 38339 | Vaults:1 | XOM: give mutations
 38339 | Vaults:1 | Gained mutation: Scrolls take you longer to read. [Xom's
                  | mischief]
 38339 | Vaults:1 | Lost mutation: You are somewhat resistant to further
                  | mutation. [Xom's mischief]
 38410 | Vaults:1 | XOM: swap monsters
 38460 | Vaults:1 | XOM: destruction
 38526 | Vaults:1 | XOM: cleaving
 38533 | Vaults:1 | XOM: fog
 38536 | Vaults:1 | Reached skill level 16 in Armour
 38807 | Vaults:1 | XOM: scenery: 1 doors open
 38812 | Vaults:1 | Reached skill level 16 in Dodging
 38963 | Vaults:1 | XOM: cast spell 'Chain of Chaos'
 39075 | Vaults:1 | Reached skill level 9 in Shields
 39085 | Vaults:1 | XOM: enchant monster (good)
 39130 | Vaults:1 | Reached XP level 20. HP: 191/201 MP: 20/20
 39213 | Vaults:1 | XOM: scenery: 1 doors close
 39342 | Vaults:1 | XOM: summons 1 hostile demon
 39431 | Vaults:1 | XOM: god gift: 43 gold pieces
 39590 | Vaults:2 | XOM: swap monsters
 39622 | Vaults:2 | XOM: cast spell 'Call Canine Familiar'
 39626 | Vaults:2 | XOM: scenery: create altars
 39645 | Vaults:2 | XOM: cast spell 'Cause Fear'
 39856 | Vaults:2 | XOM: harmless Fire miscast
 39858 | Vaults:2 | XOM: mild Tloc miscast
 39898 | Vaults:2 | Found a flickering gateway to a bazaar.
 39910 | Bazaar   | Entered a bazaar
 39915 | Bazaar   | Found Qoimaptyom's Antique Armour Shop.
 39950 | Bazaar   | Found Xegaaph's Gadget Shop.
 39971 | Bazaar   | Bought a runed cloak for 135 gold pieces
 40093 | Vaults:2 | XOM: enchant monster (good)
 40127 | Vaults:2 | XOM: harmless Hex miscast
 40157 | Vaults:2 | Found a staircase to the Crypt.
 40201 | Vaults:2 | XOM: harmless Fire miscast
 40319 | Vaults:2 | XOM: god gift: glowing long sword {god gift}
 40352 | Vaults:2 | XOM: silly message
 40354 | Vaults:2 | XOM: polymorph yaktaur -> polar bear
 40408 | Vaults:2 | XOM: potion effect (curing)
 40559 | Vaults:2 | XOM: noise
 40562 | Vaults:2 | Reached skill level 18 in Fighting
 40570 | Vaults:2 | Reached skill level 10 in Shields
 40608 | Vaults:2 | XOM: god gift: potion of brilliance
 40666 | Vaults:2 | XOM: mild Tloc miscast
 41091 | Vaults:3 | XOM: stealth player
 41123 | Vaults:3 | XOM: divination: detect creatures
 41241 | Vaults:3 | XOM: harmless Chrm miscast
 41259 | Vaults:3 | XOM: divination: detect items
 41264 | Vaults:3 | XOM: silly message
 41565 | Vaults:3 | XOM: divination: magic mapping
 41688 | Vaults:3 | XOM: mild Ice miscast
 41740 | Vaults:3 | Found Riosoemm's Distillery.
 41750 | Vaults:3 | Bought a potion of heal wounds for 95 gold pieces
 41750 | Vaults:3 | Bought a potion of haste for 190 gold pieces
 41750 | Vaults:3 | Bought a potion of agility for 76 gold pieces
 41886 | Vaults:3 | Found a runed translucent door.
 41886 | Vaults:3 | Noticed Zero's ghost (adept GrBe)
 42162 | Vaults:3 | Killed Zero's ghost
 42175 | Vaults:3 | Got a steaming wooden ring
 42178 | Vaults:3 | Identified the ring of Impir {rPois rC+ rN+ MR-} (You found
                  | it on level 3 of the Vaults)
 42314 | Vaults:4 | Gained mutation: You sometimes gain power by taking damage.
                  | [demonic ancestry]
 42314 | Vaults:4 | Reached XP level 21. HP: 185/212 MP: 21/21
 42344 | Vaults:4 | XOM: mild Tloc miscast
 42347 | Vaults:4 | XOM: silly message
 42354 | Vaults:4 | Reached skill level 17 in Axes
 42376 | Vaults:4 | XOM: harmless Erth miscast
 42489 | Vaults:4 | Noticed Frederick
 42500 | Vaults:4 | Killed Frederick
 42699 | Vaults:4 | XOM: cleaving
 42801 | Vaults:4 | XOM: scenery: 1 doors close
 43012 | Vaults:4 | Reached skill level 17 in Armour
 43021 | Vaults:4 | XOM: confuse monster(s)
 43050 | Vaults:4 | XOM: fog
 43104 | Vaults:4 | XOM: polymorph yaktaur -> fire crab
 43113 | Vaults:4 | XOM: scenery: create altars
 43119 | Vaults:4 | XOM: polymorph yaktaur -> glowing shapeshifter
 43137 | Vaults:4 | XOM: god gift: wand of flame (24)
 43451 | D:11     | XOM: god gift: copper ring {god gift}
 43525 | Elf:1    | Entered Level 1 of the Elven Halls
 43525 | Elf:1    | Noticed Agnes
 43526 | Elf:1    | XOM: confuse monster(s)
 43534 | Elf:1    | XOM: cleaving
 43538 | Elf:1    | Killed Agnes
 43575 | Elf:1    | XOM: confuse monster(s)
 43576 | Elf:1    | Reached skill level 17 in Dodging
 43593 | Elf:1    | XOM: cleaving
 43655 | Elf:1    | XOM: swap monsters
 43659 | Elf:1    | Reached skill level 11 in Shields
 43697 | Elf:1    | XOM: enchant monster (good)
 43699 | Elf:1    | Noticed Azrael
 43705 | Elf:1    | XOM: summons friendly quasit
 43714 | Elf:1    | Killed Azrael
 43916 | Elf:1    | Found Cerr's Weapon Shoppe.
 43921 | Elf:1    | XOM: mild Ice miscast
 44055 | Elf:1    | XOM: harmless Conj miscast
 44421 | Elf:1    | Identified the Incunabulum of the Invisible Wonders
 44584 | Elf:2    | Found a runed translucent gate.
 44584 | Elf:2    | Found a runed translucent gate.
 44588 | Elf:2    | Found a runed translucent gate.
 44618 | Elf:2    | Found Umoarum's Armour Shoppe.
 44624 | Elf:2    | XOM: enchant monster (good)
 44638 | Elf:2    | XOM: potion effect (heal wounds)
 44669 | Elf:2    | Found Givviyss's Magic Scroll Boutique.
 44672 | Elf:2    | Bought a scroll of enchant weapon for 97 gold pieces
 44672 | Elf:2    | Bought a scroll of enchant armour for 97 gold pieces
 44672 | Elf:2    | Bought a scroll of enchant weapon for 97 gold pieces
 44672 | Elf:2    | Bought a scroll of identify for 26 gold pieces
 44672 | Elf:2    | Bought a scroll of identify for 26 gold pieces
 44672 | Elf:2    | Bought a scroll of teleportation for 39 gold pieces
 44696 | Elf:2    | Bought a +0 large shield of protection for 184 gold pieces
 44792 | Elf:2    | Found Bigasuq's Gadget Shoppe.
 45185 | Elf:2    | XOM: potion effect (might)
 45223 | Elf:2    | XOM: cast spell 'Summon Hydra'
 45254 | Elf:2    | XOM: cleaving
 45267 | Elf:2    | the deep elf mage is devoured by a tear in reality.
 45504 | Elf:3    | Entered Level 3 of the Elven Halls
 45520 | Elf:3    | XOM: cleaving
 45554 | Elf:3    | XOM: chaos upgrade
 45843 | Elf:3    | Noticed Roxanne
 45849 | Elf:3    | XOM: confusion (+ monsters)
 45870 | Elf:3    | Killed Roxanne
 46052 | Elf:3    | XOM: give mutations
 46052 | Elf:3    | Gained mutation: Your spells are much harder to cast, but
                  | much more powerful. [Xom's grace]
 46052 | Elf:3    | Gained mutation: You have a pair of small horns on your
                  | head. [Xom's grace]
 46172 | Elf:3    | the deep elf demonologist is devoured by a tear in reality.
 46203 | Elf:3    | XOM: summons 2 hostile demons
 46210 | Elf:3    | XOM: scenery: create altars
 46216 | Elf:3    | HP: 11/214 [deep elf annihilator/iron shot (22)]
 46402 | Elf:3    | Reached XP level 22. HP: 196/223 MP: 22/22
 46418 | Elf:3    | Identified the cursed +0 long sword of Wonilemm {slice, rF+
                  | Int+3 Dex+4}
 46534 | Elf:3    | Reached skill level 19 in Fighting
 46619 | Elf:3    | XOM: confusion
 46664 | Elf:3    | XOM: blink monster(s)
 46710 | Elf:3    | Identified Jipaku Qodgh's Handbook of Spatial Venom
 46796 | Elf:3    | XOM: confusion
 46808 | Elf:3    | XOM: harmless Hex miscast
 47025 | Elf:3    | XOM: harmless Chrm miscast
 47032 | Elf:3    | XOM: severe Summ miscast
 47038 | Elf:3    | XOM: enchant monster (good)
 47039 | Elf:3    | XOM: blink monster(s)
 47076 | Elf:3    | Got a clouded gossamer ring
 47080 | Elf:3    | Identified the ring of Dutyov {rF- rC+ MR++ EV+3 Int+2}
                  | (You found it on level 3 of the Elven Halls)
 47086 | Elf:3    | Got a fine lead ring
 47089 | Elf:3    | Identified the ring of Dannir {rCorr +Inv rElec Slay+2}
                  | (You found it on level 3 of the Elven Halls)
 47090 | Elf:3    | Got a transparent platinum ring
 47094 | Elf:3    | Identified the ring "Elenyu" {rElec rF+ MP-9 Str+4} (You
                  | found it on level 3 of the Elven Halls)
 47109 | Elf:3    | XOM: summons 3 hostile shadow creatures
 47156 | Elf:3    | Got a fine steel ring
 47159 | Elf:3    | Identified the ring "Echut" {rCorr rPois} (You found it on
                  | level 3 of the Elven Halls)
 47259 | Elf:3    | Got a pair of jewelled gloves
 47271 | Elf:3    | Identified the +0 pair of gloves of Vecruur {rF- Str+9
                  | Dex+4 SInv} (You acquired it on level 3 of the Elven Halls)
 47457 | Elf:2    | Reached skill level 12 in Shields
 47461 | Elf:2    | XOM: polymorph demonic crawler -> hell hog
 47481 | Elf:2    | XOM: enchant monster (bad)
 47692 | Elf:2    | Bought the cursed +0 scale mail of the Hot Ocelot {+Blink
                  | Regen+ Slay+3} for 441 gold pieces
 47747 | Orc:2    | XOM: give mutations
 47747 | Orc:2    | Lost mutation: You are agile. (Dex +2) [Xom's mischief]
 47747 | Orc:2    | Lost mutation: You are dopey. (Int -2) [Xom's mischief]
 47747 | Orc:2    | Lost mutation: Scrolls take you longer to read. [Xom's
                  | mischief]
 47747 | Orc:2    | Lost mutation: Your flesh is very cold resistant. (rC++)
                  | [Xom's mischief]
 47830 | D:8      | XOM: harmless Necr miscast
 47883 | D:6      | Bought a scroll of enchant weapon for 112 gold pieces
 47883 | D:6      | Bought a scroll of enchant armour for 112 gold pieces
 48052 | D:14     | XOM: mild Chrm miscast
 48099 | Depths:1 | Entered Level 1 of the Depths
 48105 | Depths:1 | XOM: enchant monster (bad)
 48133 | Depths:1 | XOM: confusion
 48169 | Depths:1 | Found a gateway to Hell.
 48179 | Depths:1 | Found a deep blue altar of Sif Muna.
 48179 | Depths:1 | XOM: 1-stop teleportation journey
 48179 | Depths:1 | Identified the amulet "Fueli" {RegenMP Int+3}
 48278 | Depths:1 | XOM: harmless Necr miscast
 48322 | Depths:1 | Paralysed by a great orb of eyes for 4 turns
 48324 | Depths:1 | XOM: potion effect (might)
 48525 | Depths:1 | XOM: give mutations
 48525 | Depths:1 | Lost mutation: You expend magic power (3 MP) to strengthen
                  | your wands. [Xom's mischief]
 48525 | Depths:1 | Lost mutation: Scrolls take you a little longer to read.
                  | [Xom's mischief]
 48525 | Depths:1 | Gained mutation: Your mind is acute. (Int +2) [Xom's
                  | mischief]
 48525 | Depths:1 | Lost mutation: Your flesh is cold resistant. (rC+) [Xom's
                  | mischief]
 48740 | Depths:1 | XOM: summons 1 hostile shadow creature
 48747 | Depths:1 | XOM: cleaving
 48756 | Depths:1 | Reached skill level 18 in Axes
 49045 | Depths:1 | XOM: harmless Tloc miscast
 49380 | Depths:2 | XOM: noise
 49566 | Depths:2 | XOM: noise
 49619 | Depths:2 | Found a one-way gate to the infinite horrors of the Abyss.
 49644 | Depths:2 | XOM: divination: magic mapping
 49669 | Depths:2 | Found Tuhyudd's Gadget Shop.
 49671 | Depths:2 | Found Saptigya's Jewellery Shoppe.
 49672 | Depths:2 | Found Onoemub's Gadget Shop.
 49704 | Depths:2 | Reached skill level 18 in Armour
 49796 | Depths:2 | XOM: divination: detect items
 49814 | Depths:2 | Found Difrergh's Distillery.
 49829 | Depths:2 | Bought 2 potions of heal wounds for 120 gold pieces
 49829 | Depths:2 | Bought a potion of heal wounds for 60 gold pieces
 49829 | Depths:2 | Bought a potion of haste for 120 gold pieces
 49829 | Depths:2 | Bought a potion of might for 48 gold pieces
 50016 | Depths:2 | Noticed a golden dragon
 50030 | Depths:2 | Killed a golden dragon
 50044 | Depths:2 | XOM: noise
 50048 | Depths:2 | Reached skill level 18 in Dodging
 50058 | Depths:2 | Found the +3 sling "Punk" {acid, rCorr}
 50471 | Depths:2 | XOM: mild Necr miscast
 50529 | Depths:3 | XOM: stealth player
 50534 | Depths:3 | XOM: confuse monster(s)
 50541 | Depths:3 | Reached XP level 23. HP: 234/234 MP: 14/23
 50551 | Depths:3 | Paralysed by a vampire knight for 3 turns
 50613 | Depths:3 | Found a one-way gate leading to the halls of Pandemonium.
 50655 | Depths:3 | Reached skill level 13 in Shields
 50666 | Depths:3 | Identified the +8 large shield of the Evening Star
                  | {*Corrode Dex+3 Slay+3}
 50676 | Depths:3 | Found a gateway to a ziggurat.
 50676 | Depths:3 | XOM: fake destruction
 50678 | Depths:3 | XOM: confusion (+ monsters)
 50768 | Depths:3 | Found a magical portal.
 50781 | WizLab   | Entered Doroklohe's Tomb
 50999 | WizLab   | XOM: enchant monster (bad)
 51067 | WizLab   | Noticed a greater mummy
 51077 | WizLab   | XOM: summons friendly ufetubus
 51081 | WizLab   | XOM: confuse monster(s)
 51109 | WizLab   | Killed a greater mummy
 51146 | WizLab   | XOM: harmless Conj miscast
 51233 | WizLab   | XOM: god gift: 23 gold pieces
 51493 | Depths:3 | XOM: god gift: 55 gold pieces
 51614 | Depths:3 | Reached skill level 20 in Fighting
 51632 | Depths:3 | XOM: divination: detect creatures
 51664 | Depths:3 | XOM: divination: detect creatures
 51681 | Depths:3 | XOM: silly message
 51700 | Depths:3 | XOM: mild Air miscast
 51856 | Depths:3 | XOM: swap monsters
 51882 | Depths:3 | Identified the +5 faerie dragon scales {rN++ rCorr}
 51882 | Depths:3 | Noticed the Enchantress
 51882 | Depths:3 | Noticed a juggernaut
 51996 | Depths:3 | XOM: give mutations
 51996 | Depths:3 | Gained mutation: You occasionally shout uncontrollably at
                  | your foes. [Xom's mischief]
 51996 | Depths:3 | Lost mutation: Your spells are much harder to cast, but
                  | much more powerful. [Xom's mischief]
 52095 | Depths:3 | XOM: medium Necr miscast
 52185 | Depths:3 | XOM: noise
 52188 | Depths:3 | XOM: enchant monster (good)
 52198 | Depths:3 | XOM: summons friendly white imp
 52199 | Depths:3 | Killed a juggernaut
 52202 | Depths:3 | XOM: harmless Tloc miscast
 52206 | Depths:3 | XOM: divination: detect items
 52290 | Depths:3 | XOM: swap monsters
 52402 | Depths:3 | Noticed the Enchantress
 52402 | Depths:3 | the Enchantress changed into the Enchantress the
                  | quicksilver dragon
 52402 | Depths:3 | XOM: polymorph the Enchantress -> the Enchantress the
                  | quicksilver dragon
 52405 | Depths:3 | XOM: medium Pois miscast
 52413 | Depths:3 | Killed the Enchantress the quicksilver dragon
 52439 | Depths:3 | XOM: harmless Conj miscast
 52442 | Depths:3 | XOM: swap monsters
 52445 | Depths:3 | XOM: blink monster(s)
 52454 | Depths:3 | XOM: god gift: long sword {god gift}
 52459 | Depths:3 | Reached skill level 14 in Shields
 52642 | Depths:3 | XOM: medium Air miscast
 52811 | Depths:3 | XOM: medium Erth miscast
 52829 | Depths:4 | XOM: noise
 52838 | Depths:4 | XOM: potion effect (heal wounds)
 52840 | Depths:4 | Noticed Xtahua
 52854 | Depths:4 | Killed Xtahua
 52857 | Depths:4 | Gained mutation: You are completely covered in sharp
                  | spines. [demonic ancestry]
 52857 | Depths:4 | Reached XP level 24. HP: 193/246 MP: 14/23
 52862 | Depths:4 | XOM: confuse monster(s)
 52948 | Depths:4 | Reached skill level 19 in Armour
 52990 | Depths:4 | XOM: confuse monster(s)
 52995 | Depths:4 | XOM: noise
 53026 | Depths:4 | XOM: god gift: ration
 53096 | Depths:4 | Found Gozag's Assorted Antiques.
 53105 | Depths:4 | Found an opulent altar of Gozag.
 53108 | Depths:4 | Found Gozag's Antique Armour Emporium.
 53111 | Depths:4 | Found Gozag's Antique Weapon Shoppe.
 53120 | Depths:4 | XOM: harmless Chrm miscast
 53133 | Depths:4 | Reached skill level 19 in Dodging
 53133 | Depths:4 | XOM: cast spell 'Summon Ice Beast'
 53183 | Depths:4 | XOM: divination: magic mapping
 53196 | Depths:4 | XOM: harmless Ice miscast
 53222 | Depths:4 | XOM: harmless Hex miscast
 53253 | Depths:4 | XOM: harmless Erth miscast
 53309 | Depths:4 | XOM: summons 4 hostile shadow creatures
 53920 | Depths:4 | XOM: give mutations
 53920 | Depths:4 | Gained mutation: You possess an exceptional clarity of
                  | mind. [Xom's mischief]
 53920 | Depths:4 | Lost mutation: Your natural rate of healing is unusually
                  | fast. [Xom's mischief]
 53920 | Depths:4 | Lost mutation: Your flesh is heat resistant. (rF+) [Xom's
                  | mischief]
 53927 | Depths:4 | Noticed Sojobo
 53929 | Depths:4 | XOM: harmless Hex miscast
 53945 | Depths:4 | XOM: confuse monster(s)
 53951 | Depths:4 | Killed Sojobo
 53997 | Depths:4 | XOM: medium Summ miscast
 54056 | Depths:5 | Entered Level 5 of the Depths
 54061 | Depths:5 | the ettin is devoured by a tear in reality.
 54065 | Depths:5 | XOM: potion effect (invisibility)
 54070 | Depths:5 | Paralysed by a floating eye for 3 turns
 54089 | Depths:5 | XOM: polymorph hellion -> smoke demon
 54142 | Depths:5 | the caustic shrike is devoured by a tear in reality.
 54143 | Depths:5 | XOM: confuse monster(s)
 54169 | Depths:5 | XOM: summons friendly ufetubus
 54172 | Depths:5 | XOM: blink monster(s)
 54185 | Depths:5 | Reached skill level 21 in Fighting
 54495 | Depths:5 | Reached skill level 15 in Shields
 54632 | Depths:5 | Found Ydefuk's Demolitions Depot.
 54689 | Depths:5 | XOM: scenery: create altars
 54792 | Depths:5 | Found a gate to the Realm of Zot.
 54928 | Depths:2 | XOM: harmless Air miscast
 54958 | Depths:2 | Bought the ring of the Tuna {*Drain rF++ Int+4 Slay+6} for
                  | 1208 gold pieces
 55296 | Vaults:5 | Entered Level 5 of the Vaults
 55312 | Vaults:5 | the two-headed ogre is devoured by a tear in reality.
 55314 | Vaults:5 | XOM: harmless Tmut miscast
 55349 | Vaults:5 | Reached XP level 25. HP: 243/256 MP: 23/23
 55487 | Vaults:5 | XOM: noise
 55564 | Vaults:5 | Identified the ring of Desertification {*Slow rN+ Int+6
                  | Slay+5}
 55621 | Vaults:5 | Noticed an ancient lich
 55628 | Vaults:5 | the ironbrand convoker is devoured by a tear in reality.
 55646 | Vaults:5 | Killed an ancient lich
 55648 | Vaults:5 | the vault guard is devoured by a tear in reality.
 55653 | Vaults:5 | XOM: potion effect (brilliance)
 55659 | Vaults:5 | Reached skill level 20 in Armour
 55687 | Vaults:5 | Reached skill level 20 in Dodging
 55703 | Vaults:5 | XOM: blink monster(s)
 55727 | Vaults:5 | XOM: enchant monster (bad)
 55737 | Vaults:5 | Noticed an ancient lich
 55746 | Vaults:5 | Killed an ancient lich
 55747 | Vaults:5 | XOM: 1-stop teleportation journey
 55752 | Vaults:5 | XOM: confuse monster(s)
 55756 | Vaults:5 | Reached skill level 16 in Shields
 55767 | Vaults:5 | XOM: chaos upgrade
 55865 | Vaults:5 | XOM: harmless Tloc miscast
 55874 | Vaults:5 | XOM: summons friendly neqoxec
 55994 | Vaults:5 | Noticed an ancient lich
 56000 | Vaults:5 | XOM: scenery: create altars
 56004 | Vaults:5 | Killed an ancient lich
 56075 | Vaults:5 | Got a silver rune of Zot
 56443 | Vaults:5 | XOM: 4-stop teleportation journey
 56507 | Vaults:5 | XOM: confuse monster(s)
 56520 | Vaults:5 | XOM: enchant monster (good)
 56535 | Vaults:5 | Reached skill level 22 in Fighting
 56821 | Vaults:5 | Identified Sif Muna's Grimoire of Changing
 56878 | Vaults:5 | Gained mutation: You are extremely robust. (+30% HP)
                  | [demonic ancestry]
 56878 | Vaults:5 | Reached XP level 26. HP: 260/291 MP: 23/23
 56989 | Vaults:5 | XOM: cleaving
 57135 | Vaults:5 | XOM: god gift: wand of clouds (5)
 57225 | Vaults:5 | XOM: god gift: runed hand axe {god gift}
 57293 | Vaults:5 | Got an encrusted chain mail
 57305 | Vaults:5 | Identified the +1 chain mail of Sin {rPois MR+} (You
                  | acquired it on level 5 of the Vaults)
 57432 | Vaults:3 | Learned a level 2 spell: Blink
 57436 | Vaults:3 | Learned a level 3 spell: Regeneration
 57440 | Vaults:3 | Learned a level 3 spell: Lesser Beckoning
 57445 | Vaults:3 | XOM: give mutations
 57445 | Vaults:3 | Gained mutation: You have a pair of horns on your head.
                  | [Xom's grace]
 57445 | Vaults:3 | Gained mutation: You are somewhat resistant to further
                  | mutation. [Xom's grace]
 57445 | Vaults:3 | Gained mutation: You are somewhat resistant to both further
                  | mutation and mutation removal. [Xom's grace]
 57447 | Vaults:3 | Learned a level 6 spell: Deflect Missiles
 57646 | D:8      | XOM: give mutations
 57646 | D:8      | Gained mutation: Your flesh is heat resistant. (rF+) [Xom's
                  | grace]
 57646 | D:8      | Gained mutation: Your muscles are strong. (Str +2) [Xom's
                  | grace]
 57646 | D:8      | Gained mutation: You can translocate small distances at
                  | will. [Xom's grace]
 57646 | D:8      | Gained mutation: You have an increased reservoir of magic.
                  | (+10% MP) [Xom's grace]
 57674 | D:7      | Bought a book of Battle for 600 gold pieces
 57677 | D:7      | Learned a level 2 spell: Song of Slaying
 57702 | D:8      | XOM: give mutations
 57702 | D:8      | Gained mutation: Your flesh is cold resistant. (rC+) [Xom's
                  | grace]
 57702 | D:8      | Gained mutation: You are almost entirely resistant to
                  | further mutation and mutation removal. [Xom's grace]
 57918 | Depths:5 | XOM: severe Fire miscast
 57953 | Zot:1    | Entered Level 1 of the Realm of Zot
 57973 | Zot:1    | Identified the +2 ring mail of Patterns {rN+}
 57977 | Zot:1    | Reached skill level 17 in Shields
 58050 | Depths:5 | XOM: scenery: create altars
 58136 | Zot:1    | XOM: enchant monster (bad)
 58199 | Zot:1    | XOM: give mutations
 58199 | Zot:1    | Lost mutation: Your spells are harder to cast, but more
                  | powerful. [Xom's mischief]
 58199 | Zot:1    | Lost mutation: Your mind is acute. (Int +2) [Xom's
                  | mischief]
 58324 | Zot:1    | Reached skill level 18 in Shields
 58470 | Zot:1    | XOM: chaos upgrade
 58486 | Zot:1    | XOM: blink monster(s)
 58639 | Zot:1    | XOM: harmless Conj miscast
 58856 | Zot:1    | XOM: harmless Air miscast
 58882 | Zot:1    | Reached skill level 19 in Shields
 58891 | Zot:1    | Noticed an ancient lich
 58898 | Zot:1    | Killed an ancient lich
 58919 | Zot:1    | XOM: stat loss: -1 Int (19/20)
 59052 | Zot:1    | XOM: 1-stop teleportation journey
 59603 | Zot:1    | XOM: noise
 59680 | Zot:1    | Noticed an orb of fire
 59690 | Zot:1    | Killed an orb of fire
 59690 | Zot:1    | XOM: medium Erth miscast
 59726 | Zot:1    | Reached skill level 20 in Shields
 59986 | Zot:2    | XOM: enchant monster (good)
 59995 | Zot:2    | XOM: summons friendly shadow imp
 60005 | Zot:2    | XOM: summons friendly iron imp
 60010 | Zot:2    | Gained mutation: You are powered by pain. [demonic
                  | ancestry]
 60010 | Zot:2    | Reached XP level 27. HP: 300/300 MP: 25/25
 60026 | Zot:2    | Noticed an orb of fire
 60035 | Zot:2    | XOM: divination: detect creatures
 60043 | Zot:2    | Killed an orb of fire
 60057 | Zot:2    | XOM: harmless Chrm miscast
 60064 | Zot:2    | XOM: silly message
 60077 | Zot:2    | XOM: 1-stop teleportation journey
 60078 | Zot:2    | XOM: noise
 60108 | Zot:2    | XOM: enchant monster (bad)
 60118 | Zot:2    | XOM: chaos upgrade
 60271 | Zot:2    | XOM: 2-stop teleportation journey
 60607 | Zot:2    | XOM: mild Tmut miscast
 60611 | Zot:2    | XOM: give mutation
 60611 | Zot:2    | Lost mutation: You have a pair of horns on your head.
                  | [Xom's mischief]
 60616 | Zot:2    | Reached skill level 21 in Shields
 60798 | Zot:2    | XOM: draining
 60818 | Zot:2    | XOM: enchant monster (good)
 60830 | Zot:2    | XOM: medium Tloc miscast
 60839 | Zot:2    | XOM: summons 3 hostile demons
 61143 | Zot:3    | XOM: noise
 61145 | Zot:3    | XOM: noise
 61222 | Zot:3    | Reached skill level 22 in Shields
 61235 | Zot:3    | XOM: confuse monster(s)
 61732 | Zot:3    | Got a smoking broad axe
 61733 | Zot:3    | Identified the +3 broad axe of Medyzu {chop, Int+4} (You
                  | found it on level 3 of the Realm of Zot)
 61838 | Zot:4    | XOM: harmless Pois miscast
 62070 | Zot:4    | XOM: divination: detect creatures
 62075 | Zot:4    | Reached skill level 23 in Shields
 62187 | Zot:4    | XOM: cast spell 'Alistair's Intoxication'
 62206 | Zot:4    | XOM: cast spell 'Dispersal'
 62207 | Zot:4    | XOM: enchant monster (good)
 62209 | Zot:4    | XOM: cast spell 'Metabolic Englaciation'
 62267 | Zot:4    | XOM: divination: magic mapping
 62429 | Zot:4    | XOM: summons 6 friendly demons
 62913 | Zot:5    | Entered Level 5 of the Realm of Zot
 62919 | Zot:5    | XOM: enchant monster (good)
 62927 | Zot:5    | the golden dragon is devoured by a tear in reality.
 62964 | Zot:5    | XOM: cast spell 'Dispersal'
 62979 | Zot:5    | Reached skill level 24 in Shields
 63224 | Zot:5    | XOM: summons 7 friendly demons
 63227 | Zot:5    | XOM: blink monster(s)
 63229 | Zot:5    | Noticed an orb of fire
 63238 | Zot:5    | Noticed an orb of fire
 63243 | Zot:5    | Killed an orb of fire
 63243 | Zot:5    | XOM: 2-stop teleportation journey
 63264 | Zot:5    | Noticed an orb of fire
 63278 | Zot:5    | Killed an orb of fire
 63280 | Zot:5    | XOM: mild Ice miscast
 63288 | Zot:5    | Killed an orb of fire
 63297 | Zot:5    | XOM: 4-stop teleportation journey
 63302 | Zot:5    | XOM: summons 6 friendly demons
 63311 | Zot:5    | Reached skill level 25 in Shields
 63317 | Zot:5    | Reached skill level 2 in Charms
 63397 | Zot:5    | Reached skill level 3 in Charms
 63467 | Zot:5    | XOM: summons 4 friendly demons
 63475 | Zot:5    | Reached skill level 4 in Charms
 63618 | Zot:5    | XOM: cleaving
 63690 | Zot:5    | Reached skill level 5 in Charms
 63739 | Zot:5    | XOM: potion effect (invisibility)
 63746 | Zot:5    | XOM: cleaving
 63749 | Zot:5    | Reached skill level 6 in Charms
 63780 | Zot:5    | XOM: summons 13 friendly demons
 63794 | Zot:5    | Reached skill level 7 in Charms
 63813 | Zot:5    | Reached skill level 8 in Charms
 63827 | Zot:5    | XOM: silly message
 64023 | Zot:5    | Reached skill level 9 in Charms
 64036 | Zot:5    | XOM: harmless Hex miscast
 64039 | Zot:5    | Reached skill level 10 in Charms
 64377 | Depths:3 | XOM: divination: magic mapping
 64382 | Depths:3 | XOM: god gift: 32 gold pieces
 64610 | Crypt:1  | Entered Level 1 of the Crypt
 64644 | Crypt:1  | Reached skill level 1 in Spellcasting
 64644 | Crypt:1  | Reached skill level 1 in Translocations
 64726 | Crypt:1  | Reached skill level 2 in Spellcasting
 64726 | Crypt:1  | Reached skill level 2 in Translocations
 64838 | Crypt:1  | Reached skill level 3 in Spellcasting
 64838 | Crypt:1  | Reached skill level 3 in Translocations
 65036 | Crypt:1  | XOM: divination: detect creatures
 65037 | Crypt:1  | XOM: god gift: weird glowing staff {god gift}
 65081 | Crypt:1  | XOM: destruction
 65083 | Crypt:1  | XOM: summons 6 friendly demons
 65098 | Crypt:1  | Reached skill level 4 in Spellcasting
 65098 | Crypt:1  | Reached skill level 4 in Translocations
 65117 | Crypt:1  | XOM: summons 10 friendly demons
 65237 | Crypt:1  | XOM: scenery: create altars
 65512 | Crypt:2  | Reached skill level 5 in Translocations
 65515 | Crypt:2  | Reached skill level 5 in Spellcasting
 65608 | Crypt:2  | XOM: divination: detect items
 65663 | Crypt:2  | XOM: cleaving
 66072 | Crypt:3  | Entered Level 3 of the Crypt
 66086 | Crypt:3  | Reached skill level 6 in Spellcasting
 66088 | Crypt:3  | Reached skill level 6 in Translocations
 66167 | Crypt:3  | Learned a level 5 spell: Aura of Abjuration
 66179 | Crypt:3  | Reached skill level 1 in Summonings
 66242 | Crypt:3  | Reached skill level 2 in Summonings
 66249 | Crypt:3  | XOM: mild Chrm miscast
 66257 | Crypt:3  | Reached skill level 3 in Summonings
 66258 | Crypt:3  | XOM: enchant monster (bad)
 66300 | Crypt:3  | Reached skill level 4 in Summonings
 66346 | Crypt:3  | Noticed an ancient lich
 66355 | Crypt:3  | XOM: 9-stop teleportation journey
 66371 | Crypt:3  | Reached skill level 5 in Summonings
 66372 | Crypt:3  | XOM: confuse monster(s)
 66375 | Crypt:3  | XOM: cast spell 'Leda's Liquefaction'
 66392 | Crypt:3  | Noticed Mara
 66399 | Crypt:3  | Killed Mara
 66399 | Crypt:3  | Reached skill level 6 in Summonings
 66411 | Crypt:3  | Killed an ancient lich
 66411 | Crypt:3  | Reached skill level 7 in Summonings
 66419 | Crypt:3  | Found the +7 great mace "Undeadhunter" {disrupt, rN+}
 66543 | Crypt:3  | Found a staircase to the Tomb.
 66577 | Crypt:3  | Identified the Papyrus of Hurtful Necromancy
 66628 | Crypt:3  | XOM: harmless Air miscast
 66634 | Crypt:3  | Reached skill level 8 in Summonings
 66758 | Crypt:3  | Found a basalt altar of Yredelemnul.
 67143 | Crypt:3  | Got an ancient granite ring
 67145 | Crypt:3  | Identified the ring of Awyris {rF- rN+ Int+3 SInv} (You
                  | found it on level 3 of the Crypt)
 67150 | Crypt:3  | Got a brightly glowing marble ring
 67152 | Crypt:3  | Identified the ring of Creativity {+Blink rN+ MR+ Str+4
                  | Slay+2} (You found it on level 3 of the Crypt)
 67176 | Crypt:3  | XOM: scenery: 1 doors close
 67179 | Crypt:3  | XOM: scenery: 2 doors close
 67189 | Crypt:3  | XOM: god gift: ration
 67592 | Depths:5 | Bought a manual of Evocations for 2097 gold pieces
 67592 | Depths:5 | Bought a wand of clouds (8) for 684 gold pieces
 67693 | Zig:1    | Entered Level 1 of a ziggurat
 67707 | Zig:2    | Entered Level 2 of a ziggurat
 67712 | Zig:2    | XOM: scenery: create altars
 67715 | Zig:2    | Reached skill level 9 in Summonings
 67723 | Zig:2    | Identified the Incunabulum of Ignition and the Escort
 67726 | Zig:3    | Entered Level 3 of a ziggurat
 67727 | Zig:3    | XOM: summons friendly white imp
 67731 | Zig:3    | XOM: summons 2 friendly demons
 67747 | Zig:4    | Entered Level 4 of a ziggurat
 67751 | Zig:4    | Found the cursed +13 scythe of Curses {drain, *Curse}
 67753 | Zig:4    | Paralysed by accursed screaming for 2 turns
 67756 | Zig:4    | Paralysed by accursed screaming for 2 turns
 67855 | Zig:5    | Entered Level 5 of a ziggurat
 67864 | Zig:5    | XOM: cast spell 'Discord'
 68008 | Zig:6    | Entered Level 6 of a ziggurat
 68014 | Zig:6    | XOM: summons 8 friendly demons
 68020 | Zig:6    | Reached skill level 10 in Summonings
 68052 | Zig:7    | Entered Level 7 of a ziggurat
 68056 | Zig:7    | XOM: fog
 68085 | Zig:7    | Reached skill level 7 in Translocations
 68088 | Zig:7    | XOM: give mutations
 68088 | Zig:7    | Gained mutation: You expend magic power (3 MP) to
                  | strengthen your wands. [Xom's grace]
 68088 | Zig:7    | Gained mutation: Your natural rate of healing is unusually
                  | fast. [Xom's grace]
 68097 | Zig:7    | XOM: polymorph orb spider -> glowing shapeshifter
 68131 | Zig:7    | XOM: mild Ice miscast
 68143 | Zig:7    | Reached skill level 8 in Translocations
 68154 | Zig:8    | Entered Level 8 of a ziggurat
 68163 | Zig:8    | Noticed a juggernaut
 68184 | Zig:8    | Killed a juggernaut
 68184 | Zig:8    | Reached skill level 9 in Translocations
 68185 | Zig:8    | Killed a juggernaut
 68194 | Zig:8    | Reached skill level 10 in Translocations
 68197 | Zig:8    | Reached skill level 1 in Evocations
 68227 | Zig:8    | Got a pitted bone amulet
 68229 | Zig:8    | Identified the amulet of Virhi {Harm *Drain MP+9} (You
                  | found it on level 8 of a ziggurat)
 68246 | Zig:9    | Entered Level 9 of a ziggurat
 68254 | Zig:9    | Noticed a juggernaut
 68260 | Zig:9    | Reached skill level 2 in Evocations
 68260 | Zig:9    | XOM: summons friendly iron imp
 68262 | Zig:9    | Reached skill level 3 in Evocations
 68267 | Zig:9    | a juggernaut changed into a glowing shapeshifter
 68268 | Zig:9    | Reached skill level 4 in Evocations
 68271 | Zig:9    | Reached skill level 5 in Evocations
 68284 | Zig:9    | Got a bound lapis lazuli ring
 68305 | Zig:10   | Entered Level 10 of a ziggurat
 68317 | Zig:10   | Reached skill level 6 in Evocations
 68320 | Zig:10   | Reached skill level 7 in Evocations
 68320 | Zig:10   | XOM: fog
 68322 | Zig:10   | XOM: summons 16 friendly demons
 68326 | Zig:10   | Reached skill level 8 in Evocations
 68352 | Zig:10   | XOM: 4-stop teleportation journey
 68393 | Zig:10   | Learned a level 1 spell: Apportation
 68398 | Zig:11   | Entered Level 11 of a ziggurat
 68411 | Zig:11   | Noticed an ancient lich
 68413 | Zig:11   | Noticed an ancient lich
 68415 | Zig:11   | Reached skill level 9 in Evocations
 68418 | Zig:11   | XOM: confuse monster(s)
 68419 | Zig:11   | XOM: polymorph soul eater -> sun demon
 68427 | Zig:11   | Reached skill level 10 in Evocations
 68431 | Zig:11   | XOM: enchant monster (good)
 68433 | Zig:11   | Killed an ancient lich
 68434 | Zig:11   | Reached skill level 11 in Evocations
 68438 | Zig:11   | Killed an ancient lich
 68438 | Zig:11   | Reached skill level 12 in Evocations
 68464 | Zig:11   | Reached skill level 13 in Evocations
 68474 | Zig:11   | Learned a level 8 spell: Necromutation
 68487 | Zig:11   | Got an ancient lead ring
 68488 | Zig:11   | Identified the ring "Jupilip" {Wiz *Corrode rElec MR+
                  | Int+4} (You found it on level 9 of a ziggurat)
 68489 | Zig:11   | Identified the ring of Cibut {*Slow +Fly rElec rF++ Stlth+}
                  | (You found it on level 11 of a ziggurat)
 68498 | Zig:11   | Got a heavily runed lapis lazuli ring
 68500 | Zig:11   | Identified the ring of Zonallul {rF+ AC+1 Str+2} (You found
                  | it on level 11 of a ziggurat)
 68510 | Zig:12   | Entered Level 12 of a ziggurat
 68517 | Zig:12   | Noticed Gurphyc the pandemonium lord
 68521 | Zig:12   | Noticed Vuly the pandemonium lord
 68524 | Zig:12   | Noticed Jyunehos the pandemonium lord
 68525 | Zig:12   | Noticed Nadula Acli the pandemonium lord
 68530 | Zig:12   | XOM: polymorph Vuly -> Vuly
 68533 | Zig:12   | XOM: divination: magic mapping
 68542 | Zig:12   | Killed Jyunehos the pandemonium lord
 68542 | Zig:12   | Reached skill level 3 in Necromancy
 68544 | Zig:12   | Noticed Fucobao the pandemonium lord
 68546 | Zig:12   | Killed Vuly the pandemonium lord
 68546 | Zig:12   | Reached skill level 4 in Necromancy
 68552 | Zig:12   | Noticed Boseurph the pandemonium lord
 68553 | Zig:12   | XOM: 4-stop teleportation journey
 68567 | Zig:12   | XOM: cast spell 'Necromutation'
 68569 | Zig:12   | Killed Gurphyc the pandemonium lord
 68569 | Zig:12   | Reached skill level 6 in Necromancy
 68571 | Zig:12   | Killed Fucobao the pandemonium lord
 68571 | Zig:12   | Reached skill level 7 in Necromancy
 68574 | Zig:12   | XOM: cleaving
 68575 | Zig:12   | Killed Boseurph the pandemonium lord
 68575 | Zig:12   | Reached skill level 8 in Necromancy
 68575 | Zig:12   | XOM: polymorph anaconda -> glowing shapeshifter
 68576 | Zig:12   | Killed Nadula Acli the pandemonium lord
 68576 | Zig:12   | Reached skill level 9 in Necromancy
 68621 | Zig:12   | XOM: polymorph rust devil -> orange demon
 68641 | Zig:13   | Entered Level 13 of a ziggurat
 68653 | Zig:13   | Noticed a greater mummy
 68653 | Zig:13   | Noticed a greater mummy
 68654 | Zig:13   | Noticed a greater mummy
 68655 | Zig:13   | Noticed a greater mummy
 68667 | Zig:13   | Killed a greater mummy
 68667 | Zig:13   | Reached skill level 10 in Necromancy
 68685 | Zig:13   | XOM: enchant monster (good)
 68685 | Zig:13   | HP: 37/448 [mummy priest/divine providence (13)]
 68686 | Zig:13   | HP: 13/447 [ushabti] (8)]
 68686 | Zig:13   | HP: 6/298 [greater mummy (4)]
 68691 | Zig:13   | XOM: scenery: create altars
 68691 | Zig:13   | HP: 7/300 [mummy priest/divine providence (11)]
 68702 | Zig:14   | Entered Level 14 of a ziggurat
 68756 | Zig:14   | XOM: scenery: create altars
 68770 | Zig:14   | Reached skill level 11 in Necromancy
 68772 | Zig:14   | XOM: cast spell 'Leda's Liquefaction'
 68773 | Zig:14   | XOM: scenery: create altars
 68775 | Zig:14   | XOM: divine lightning
 68782 | Zig:14   | XOM: cleaving
 68798 | Zig:14   | XOM: cast spell 'Ring of Flames'
 68816 | Zig:14   | Reached skill level 12 in Necromancy
 68834 | Zig:14   | XOM: harmless Erth miscast
 68873 | Zig:14   | Noticed an ancient lich
 68884 | Zig:14   | Killed an ancient lich
 68895 | Zig:14   | Learned a level 6 spell: Statue Form
 68966 | Zig:15   | Entered Level 15 of a ziggurat
 68979 | Zig:15   | Noticed an orb of fire
 68979 | Zig:15   | Noticed an orb of fire
 68983 | Zig:15   | the orb of fire is devoured by a tear in reality.
 68983 | Zig:15   | Banished an orb of fire
 68983 | Zig:15   | Reached skill level 13 in Necromancy
 68985 | Zig:15   | Noticed an orb of fire
 68988 | Zig:15   | Noticed an orb of fire
 68990 | Zig:15   | XOM: scenery: create altars
 68995 | Zig:15   | Noticed an orb of fire
 69003 | Zig:15   | Killed an orb of fire
 69004 | Zig:15   | Killed an orb of fire
 69004 | Zig:15   | Reached skill level 14 in Necromancy
 69005 | Zig:15   | Killed an orb of fire
 69015 | Zig:15   | Killed an orb of fire
 69015 | Zig:15   | Reached skill level 15 in Necromancy
 69028 | Zig:15   | Found the +6 lightning scales {run, rElec}
 69043 | Zig:15   | Identified the Incunabulum of Air and Orientation
 69151 | Zig:16   | Entered Level 16 of a ziggurat
 69206 | Zig:16   | XOM: summons friendly shadow imp
 69209 | Zig:16   | XOM: god gift: 52 gold pieces
 69214 | Zig:16   | the spiny frog is devoured by a tear in reality.
 69221 | Zig:16   | Reached skill level 16 in Necromancy
 69225 | Zig:16   | XOM: summons 2 friendly demons
 69228 | Zig:16   | XOM: enchant monster (good)
 69303 | Zig:16   | Reached skill level 17 in Necromancy
 69342 | Zig:17   | Entered Level 17 of a ziggurat
 69356 | Zig:17   | XOM: confuse monster(s)
 69361 | Zig:17   | XOM: scenery: create altars
 69368 | Zig:17   | XOM: confuse monster(s)
 69368 | Zig:17   | Reached skill level 1 in Transmutations
 69372 | Zig:17   | Reached skill level 2 in Transmutations
 69377 | Zig:17   | Reached skill level 3 in Transmutations
 69379 | Zig:17   | Reached skill level 7 in Spellcasting
 69388 | Zig:17   | Reached skill level 4 in Transmutations
 69391 | Zig:17   | XOM: 2-stop teleportation journey
 69421 | Zig:17   | Got a steaming copper amulet
 69422 | Zig:17   | Identified the amulet "Paohu" {Spirit rElec Int+4} (You
                  | found it on level 17 of a ziggurat)
 69452 | Zig:18   | Entered Level 18 of a ziggurat
 69466 | Zig:18   | XOM: enchant monster (good)
 69470 | Zig:18   | XOM: destruction
 69482 | Zig:18   | Reached skill level 8 in Spellcasting
 69482 | Zig:18   | Reached skill level 5 in Transmutations
 69496 | Zig:18   | Reached skill level 6 in Transmutations
 69535 | Zig:18   | Reached skill level 9 in Spellcasting
 69535 | Zig:18   | Reached skill level 7 in Transmutations
 69536 | Zig:18   | Reached skill level 10 in Spellcasting
 69537 | Zig:18   | Reached skill level 8 in Transmutations
 69538 | Zig:18   | Reached skill level 11 in Spellcasting
 69538 | Zig:18   | Reached skill level 9 in Transmutations
 69557 | Zig:19   | Entered Level 19 of a ziggurat
 69569 | Zig:19   | XOM: summons friendly white imp
 69573 | Zig:19   | XOM: enchant monster (good)
 69584 | Zig:19   | Reached skill level 10 in Transmutations
 69593 | Zig:19   | Reached skill level 11 in Transmutations
 69629 | Zig:19   | Identified Yboqulau's Guide on Summoning
 69636 | Zig:19   | Identified the ring of Virtue {MR+ MP-9 Str+3 Dex+2 Slay+2}
                  | (You found it on level 19 of a ziggurat)
 69637 | Zig:19   | Identified the ring of Xom's Sleight of Hands {*Drain rC+++
                  | rN+++ Dex-2 Slay+3} (You found it on level 19 of a
                  | ziggurat)
 69650 | Zig:19   | XOM: cloud trail
 69656 | Zig:20   | Entered Level 20 of a ziggurat
 69684 | Zig:20   | XOM: potion effect (haste)
 69692 | Zig:20   | XOM: confuse monster(s)
 69700 | Zig:20   | XOM: divination: detect creatures
 69705 | Zig:20   | XOM: enchant monster (good)
 69707 | Zig:20   | Reached skill level 12 in Transmutations
 69710 | Zig:20   | XOM: divination: detect items
 69728 | Zig:20   | Identified the Almanac of Dislocation and Air
 69737 | Zig:20   | Identified the ring "Gunk" {*Slow Int+9 Stlth-} (You found
                  | it on level 20 of a ziggurat)
 69742 | Zig:20   | Reached skill level 12 in Spellcasting
 69779 | Zig:21   | Entered Level 21 of a ziggurat
 69803 | Zig:21   | XOM: divine lightning
 69814 | Zig:21   | Noticed Ydymecir the pandemonium lord
 69817 | Zig:21   | HP: 10/300 [torturous warmonger/+3 battleaxe of pain (48)]
 69818 | Zig:21   | XOM: summons friendly shadow imp
 69818 | Zig:21   | Killed from afar by a Brimstone Fiend

Levels and vault maps discovered:
D:1:      dpeg_arrival_signposts, layout_basic, st_stairs_13
D:2:      layout_basic, nicolae_overflow_crystal_walls, kiku_gazebo_pond_becter
D:3:      layout_rooms, gammafunk_temple_overflow_elements,
          lemuel_crystal_altar, first_ration
D:4:      layout_loops_corners, grunt_dithmenos_shadows,
          nicolae_ru_great_annihilating_truth
D:5:      layout_loops_ring, vehumet_statue, minmay_temple_entry_large_hall,
          kennysheep_dice, uniq_ijyb
D:6:      wander_river, layout_gridville, kennysheep_little_box, serial_shops,
          shop
D:7:      layout_cave_pools, kennysheep_mini, fedhas_ov_isle_minmay,
          lemuel_round_altar, basic_altar, serial_shops, shop, minmay_puff
D:8:      layout_basic
D:9:      layout_basic, gammafunk_ghost_nasty_kobolds, serial_shops, shop,
          uniq_joseph, uniq_harold
D:10:     layout_small_grid, erik_lair_island, grunt_livestock,
          kennysheep_generic_room_8
D:11:     layout_rooms, minmay_fractal_squares_5
D:12:     layout_rooms, basic_altar, st_stairs_7, uniq_psyche
D:13:     layout_small_grid, uniq_josephine, uniq_sonja
D:14:     layout_basic, grunt_vaults_entry_tiered, serial_shops,
          nicolae_shop_stone, shop, shop, shop, serial_park_square2, uniq_kirke
D:15:     grunt_enter_depths_hoard, layout_cave_pods,
          ebering_dispersal_statue_hall
Lair:1:   layout_small_grid, serial_bayou_pond_e, st_stairs_8, minivault_11,
          beast_lair_carwin_2, serial_bayou_shore_b, uniq_gastronok
Lair:2:   layout_loops_ring, shoals_dummy_entry, minmay_lair_oklob_chamber
Lair:3:   layout_gridlike, lemuel_fruit_tree, uniq_rupert
Lair:4:   layout_loops_ring, minmay_snake_entry_six_corridors,
          gammafunk_lair_bear_cave, infiniplex_staircase_pool_2
Lair:5:   layout_loops_ring, portal_ice_cave_rime, wad_woods_06,
          grunt_megastairs_3
Lair:6:   evilmike_catoblepas_cave, layout_gridlike,
          dpeg_slime_entry_enclosed_altar
Shoals:1: layout_shoals, serial_shops, nicolae_shop_statue_plus,
          lemuel_oklob_altar, uniq_donald
Shoals:2: layout_shoals, uniq_frances, uniq_polyphemus
Shoals:3: layout_shoals
Shoals:4: shoals_end_simple, layout_shoals, shoals_ilsuiw_ice
Snake:1:  layout_chambers, basic_altar, library_closet,
          hangedman_snake_corridor_cut, serial_bayou_shore_a, uniq_aizul
Snake:2:  layout_onion_interference, serial_shops, nicolae_shop_waterfront,
          uniq_vashnia
Snake:3:  layout_chambers, st_stairs_6
Snake:4:  grunt_snake_rune_serpentine_throne, layout_cave_town
Orc:1:    layout_caves, serial_shops, shop, shop, shop,
          nicolae_shop_temple_entry_statues_fountains
Orc:2:    st_orc_ogre_mass, layout_caves, serial_shops,
          nicolae_shop_temple_entry_statues_fountains, basic_altar,
          mines2_david, uniq_maurice
Elf:1:    layout_loops_cross, serial_shops, shop, minmay_elf_crystal_heptagon,
          minmay_misc_feat_five, minmay_elf_sorcery, uniq_agnes, uniq_azrael
Elf:2:    layout_loops_cross, serial_shops, nicolae_shop_window_shopping,
          nicolae_shop_behind_doors, nicolae_shop_temple_entry_statues_fountains
Elf:3:    elf_hall_gauntlet_narrow, layout_geoelf_diagonals, uniq_roxanne
Vaults:1: nicolae_vaults_border_crossing, v_misc_13,
          ontoclasm_vaults_ring_square, grunt_vaults_funnel,
          vaults_mumra_bighexcomb, v_misc_1, vaults_room_stairs_pillars,
          ontoclasm_vaults_eye, hangedman_vaults_slice, hangedman_vaults_trim,
          layout_vaults_omnigrid
Vaults:2: minmay_crypt_entry_simple_corners, nicolae_vaults_specimen_jars,
          nicolae_vaults_stairing_the_circle,
          nicolae_vaults_windows_and_doors_thing,
          nicolae_vaults_big_angled_halls, grunt_vaults_twisty,
          grunt_vaults_trifunnel, v_misc_2, vaults_room_large_hall,
          nicolae_vaults_what_the_h, ontoclasm_vaults_ring_square, v_misc_16,
          nicolae_vaults_circle_grid_a, vaults_room_fancy_cross,
          vaults_room_glass_cross, layout_vaults_omnibox, serial_shops,
          bzr_entry_water
Vaults:3: ebering_vaults_ghost_inner_flame, ontoclasm_vaults_misaligned,
          ontoclasm_vaults_ring_small, vaults_mumra_minichess,
          nicolae_vaults_little_squares_1, vaults_room_fancy_cross,
          nicolae_vaults_little_squares_4, serial_ice_b,
          vaults_room_mumra_shop_pool, nicolae_vaults_an_arrangement,
          nicolae_vaults_diagonal_hallway_8, nicolae_vaults_circle_grid_a,
          vaults_room_pools, layout_vaults_omnicross
Vaults:4: vaults_room_octagon, hangedman_vaults_cutoff, v_pattern_1,
          nicolae_vaults_theta, ontoclasm_vaults_misaligned, v_misc_29,
          v_rooms_5, layout_vaults_ring, uniq_frederick
Vaults:5
Crypt:1:  layout_misc_corridors, minigarden_bobbens
Crypt:2:  layout_misc_corridors
Crypt:3:  cryptofortress_bobbens, uniq_mara
Depths:1: layout_basic, hell_entry, nrook_uturn, hangedman_summoners_spam
Depths:2: minmay_split_circle, layout_basic, abyss_entry, hell_entry,
          serial_shops, shop, infiniplex_staircase_split_hallway,
          minmay_shop_grove
Depths:3: gammafunk_depths_water_palace, layout_cave_pools, enter_ziggurat_c,
          infiniplex_staircase_river, rand_demon_pan_entry_8, mu_enter_wizlab_5,
          hell_entry
Depths:4: kennysheep_gozag_temple, layout_basic, infiniplex_staircase_pillars_1,
          pf_coc_iceberg, abyss_entry, uniq_sojobo, uniq_xtahua
Depths:5: grunt_zot_entry_alcove, layout_cave_pools, pan_entry, abyss_entry,
          minmay_misc_feat_iff, hellmouth_1, nicolae_blasting_shop,
          serial_bayou_shore_b, uniq_enchantress
Zot:1:    hangedman_zot_vaults_quadrants, layout_cathedral_of_symmetry,
          hangedman_player_shredder
Zot:2:    layout_onion_interference, zot_minivault_4
Zot:3:    layout_misc_corridors, zot_minivault_1
Zot:4:    layout_cathedral_of_symmetry
Zot:5:    layout_misc_corridors, grunt_ministairs_5, st_stairs_5
Zig:21

Skill      XL: |  1  2  3  4  5  6  7  8  9 10 11 12 13 14 15 16 17 18 19 20 21 22 23 24 25 26 27 |
---------------+----------------------------------------------------------------------------------+-----
Dodging        | 1 2 3 4 5 6 7 9 10 11 12 13 14 15 16 17 18 19 20 | 20.4
Armour         | 2 3 4 5 6 8 9 10 11 12 13 14 15 16 17 18 19 20 | 20.7
Axes           | 3 4 5 6 7 8 9 10 11 12 13 14 15 16 17 18 | 18.0
Fighting       | 4 5 6 7 9 10 11 12 13 14 15 16 17 18 19 20 21 22 | 22.0
Shields        | 1 5 7 9 10 11 12 14 15 16 20 25 | 25.0
Charms         | 10 | 10.3
Spellcasting   | 12 | 12.5
Translocations | 10 | 10.0
Summonings     | 10 | 10.0
Evocations     | 13 | 13.8
Necromancy     | 17 | 17.2
Transmutations | 12 | 12.9

Action                   |  1- 3 |  4- 6 |  7- 9 | 10-12 | 13-15 | 16-18 | 19-21 | 22-24 | 25-27 || total
-------------------------+-------+-------+-------+-------+-------+-------+-------+-------+-------++-------
Melee: Hand axe          |    94 |     4 |   347 |   367 |       |       |       |       |       ||   812
       Dagger            |    70 |   236 |       |       |       |       |       |       |       ||   306
       Kick              |       |    18 |   109 |   166 |   312 |   356 |   512 |   588 |  1191 ||  3252
       Rapier            |       |       |       |    18 |       |       |       |       |       ||    18
       Battleaxe         |       |       |       |   151 |   925 |  1053 |   874 |       |       ||  3003
       Bite              |       |       |       |       |       |    67 |   179 |   201 |   394 ||   841
       Eveningstar       |       |       |       |       |       |     8 |       |       |       ||     8
       Broad axe         |       |       |       |       |       |       |   381 |  1154 |  2121 ||  3656
       Headbutt          |       |       |       |       |       |       |     9 |   377 |   711 ||  1097
       Staff             |       |       |       |       |       |       |       |    68 |       ||    68
Throw: Javelin           |       |     7 |       |       |       |       |       |       |       ||     7
 Cast: Apportation       |       |       |       |       |       |       |       |       |    56 ||    56
       Song of Slaying   |       |       |       |       |       |       |       |       |    17 ||    17
       Lesser Beckoning  |       |       |       |       |       |       |       |       |     7 ||     7
       Aura of Abjuratio |       |       |       |       |       |       |       |       |     3 ||     3
       Regeneration      |       |       |       |       |       |       |       |       |     1 ||     1
 Abil: Blink             |       |       |       |       |       |       |       |       |     1 ||     1
Evoke: Wand              |       |     1 |     5 |    12 |     3 |     2 |     2 |     6 |     3 ||    34
       Sack of spiders   |       |       |       |     2 |       |       |       |       |       ||     2
       Box of beasts     |       |       |       |       |       |       |     2 |       |       ||     2
       Phantom mirror    |       |       |       |       |       |       |     1 |       |       ||     1
  Use: Scroll            |     6 |     2 |    12 |    10 |     9 |     9 |    31 |    17 |    35 ||   131
       Potion            |     1 |     1 |     4 |     5 |     3 |    17 |     5 |     6 |    42 ||    84
 Stab: Paralysed         |     1 |     1 |       |    15 |     4 |       |     4 |    40 |    37 ||   102
       Confused          |     1 |       |     7 |     2 |     3 |     1 |     7 |    13 |    52 ||    86
       Sleeping          |       |       |     1 |     1 |     1 |       |       |       |     1 ||     4
       Distracted        |       |       |       |     1 |     2 |     1 |     1 |     1 |    10 ||    16
       Petrifying        |       |       |       |       |     1 |     3 |     1 |     4 |    28 ||    37
       Petrified         |       |       |       |       |       |    14 |       |     3 |    11 ||    28
       Invisible         |       |       |       |       |       |       |       |     4 |     3 ||     7
  Eat: Chunk             |     3 |     6 |    13 |    13 |    24 |    16 |    28 |    16 |    20 ||   139
       Ration            |       |     1 |       |     2 |     4 |     6 |     1 |     5 |     8 ||    27
Armor: Leather armour    |    51 |    60 |    87 |    64 |       |       |       |       |       ||   262
       Skin              |       |       |       |     5 |       |       |       |    20 |   104 ||   129
       Chain mail        |       |       |       |    77 |   366 |       |       |       |       ||   443
       Plate armour      |       |       |       |       |   380 |   861 |   599 |    70 |       ||  1910
       Scale mail        |       |       |       |       |       |       |       |   113 |       ||   113
       Gold dragon scale |       |       |       |       |       |       |       |   104 |   463 ||   567
Dodge: Dodged            |    85 |   126 |   228 |   432 |   683 |   715 |   703 |   430 |   680 ||  4082
Block: Large shield      |       |       |       |       |       |       |   144 |  1401 |  2525 ||  4070
       Shield            |       |       |       |       |       |       |   109 |       |       ||   109

Table legend:
 A = Non-vault XP
 B = Vault XP
 C = Vault XP percentage of total XP
 D = Non-vault monster count
 E = Vault monster count
 F = Vault count percentage of total count
                 A         B        C        D         E       F
            +---------+---------+-------+---------+---------+-------
      Total | 1459127 | 1078241 |  42.5 |    2062 |    1064 |  34.0
            +---------+---------+-------+---------+---------+-------
        D:1 |      63 |       2 |   3.1 |      31 |       1 |   3.1
        D:2 |      42 |       0 |   0.0 |      22 |       0 |   0.0
        D:3 |      88 |       0 |   0.0 |      12 |       0 |   0.0
        D:4 |     160 |      50 |  23.8 |      10 |       5 |  33.3
        D:5 |     242 |       0 |   0.0 |      14 |       0 |   0.0
        D:6 |     679 |       0 |   0.0 |      18 |       0 |   0.0
        D:7 |    1266 |     164 |  11.5 |      26 |       4 |  13.3
        D:8 |     929 |       0 |   0.0 |      19 |       0 |   0.0
        D:9 |    1465 |    2469 |  62.8 |      26 |      14 |  35.0
       D:10 |    2611 |    2133 |  45.0 |      28 |      14 |  33.3
       D:11 |    2113 |    1071 |  33.6 |      27 |       8 |  22.9
       D:12 |    5194 |     557 |   9.7 |      39 |       2 |   4.9
       D:13 |    9603 |    2928 |  23.4 |      38 |       7 |  15.6
       D:14 |    5953 |    9879 |  62.4 |      22 |      27 |  55.1
       D:15 |   11322 |    2083 |  15.5 |      26 |       2 |   7.1
     Lair:1 |    2739 |    2809 |  50.6 |      15 |       5 |  25.0
     Lair:2 |    4038 |     864 |  17.6 |       9 |       3 |  25.0
     Lair:3 |    4912 |    2037 |  29.3 |      20 |       2 |   9.1
     Lair:4 |    3887 |    3005 |  43.6 |      17 |      23 |  57.5
     Lair:5 |   11722 |    2188 |  15.7 |      37 |       6 |  14.0
     Lair:6 |    9957 |    9268 |  48.2 |      39 |      23 |  37.1
   Shoals:1 |    8526 |    2550 |  23.0 |      19 |       2 |   9.5
   Shoals:2 |    9610 |    7903 |  45.1 |      16 |       6 |  27.3
   Shoals:3 |    7323 |       0 |   0.0 |      15 |       0 |   0.0
   Shoals:4 |   25231 |   28311 |  52.9 |      50 |      41 |  45.1
    Snake:1 |   13761 |    5844 |  29.8 |      29 |      15 |  34.1
    Snake:2 |   25121 |    7424 |  22.8 |      47 |       4 |   7.8
    Snake:3 |   29826 |    1846 |   5.8 |      44 |       1 |   2.2
    Snake:4 |   21815 |   48461 |  69.0 |      48 |      63 |  56.8
      Orc:1 |    4848 |    2652 |  35.4 |      47 |       3 |   6.0
      Orc:2 |    4613 |   14568 |  76.0 |      48 |      44 |  47.8
      Elf:1 |   12629 |   16055 |  56.0 |      27 |      30 |  52.6
      Elf:2 |   18989 |   23341 |  55.1 |      29 |      29 |  50.0
      Elf:3 |   13085 |   43131 |  76.7 |      21 |      30 |  58.8
   Vaults:1 |   32382 |   36239 |  52.8 |      57 |      49 |  46.2
   Vaults:2 |   16704 |   39117 |  70.1 |      34 |      44 |  56.4
   Vaults:3 |   18947 |   18183 |  49.0 |      27 |      19 |  41.3
   Vaults:4 |   20632 |   21499 |  51.0 |      36 |      23 |  39.0
   Vaults:5 |   43587 |  146452 |  77.1 |      62 |      96 |  60.8
    Crypt:1 |   29124 |    6424 |  18.1 |      40 |       6 |  13.0
    Crypt:2 |   28129 |       0 |   0.0 |      35 |       0 |   0.0
    Crypt:3 |       0 |   73810 | 100.0 |       0 |      93 | 100.0
   Depths:1 |   40781 |    6605 |  13.9 |      53 |      11 |  17.2
   Depths:2 |   24509 |   16600 |  40.4 |      33 |      10 |  23.3
   Depths:3 |   34810 |   90219 |  72.2 |      46 |      60 |  56.6
   Depths:4 |   47886 |   28706 |  37.5 |      49 |      13 |  21.0
   Depths:5 |   55045 |   23880 |  30.3 |      50 |      19 |  27.5
      Zot:1 |   67710 |   98933 |  59.4 |      40 |      50 |  55.6
      Zot:2 |   47951 |   26908 |  35.9 |      26 |      12 |  31.6
      Zot:3 |   51794 |   17510 |  25.3 |      31 |      13 |  29.5
      Zot:4 |   87155 |       0 |   0.0 |      45 |       0 |   0.0
      Zot:5 |   42190 |  151985 |  78.3 |      23 |      45 |  66.2
    Abyss:3 |   17567 |    3208 |  15.4 |      28 |       7 |  20.0
      Zig:1 |    1283 |       0 |   0.0 |       1 |       0 |   0.0
      Zig:2 |    2923 |       0 |   0.0 |       2 |       0 |   0.0
      Zig:3 |    4001 |       0 |   0.0 |       5 |       0 |   0.0
      Zig:4 |    3247 |       0 |   0.0 |      17 |       0 |   0.0
      Zig:5 |    5381 |       0 |   0.0 |       7 |       0 |   0.0
      Zig:6 |    6602 |       0 |   0.0 |       8 |       0 |   0.0
      Zig:7 |    6026 |    2278 |  27.4 |      13 |       4 |  23.5
      Zig:8 |   22259 |       0 |   0.0 |      18 |       0 |   0.0
      Zig:9 |   10708 |       0 |   0.0 |      19 |       0 |   0.0
     Zig:10 |   18201 |       0 |   0.0 |      13 |       0 |   0.0
     Zig:11 |   31207 |       0 |   0.0 |      14 |       0 |   0.0
     Zig:12 |   60698 |       0 |   0.0 |      16 |       0 |   0.0
     Zig:13 |   11213 |       0 |   0.0 |      14 |       0 |   0.0
     Zig:14 |   38144 |       0 |   0.0 |      22 |       0 |   0.0
     Zig:15 |   52568 |       0 |   0.0 |      26 |       0 |   0.0
     Zig:16 |   35460 |       0 |   0.0 |      40 |       0 |   0.0
     Zig:17 |   35530 |    2456 |   6.5 |      28 |       4 |  12.5
     Zig:18 |   33974 |       0 |   0.0 |      43 |       0 |   0.0
     Zig:19 |   41956 |       0 |   0.0 |      43 |       0 |   0.0
     Zig:20 |   44958 |       0 |   0.0 |      54 |       0 |   0.0
     Zig:21 |   11523 |       0 |   0.0 |       9 |       0 |   0.0
      IceCv |       0 |    6500 | 100.0 |       0 |      54 | 100.0
     WizLab |       0 |   17136 | 100.0 |       0 |      18 | 100.0
            +---------+---------+-------+---------+---------+-------
